Workbook

Sheet Лист1
B5: ФИНАНСОВОЕ ОБЕСПЕЧЕНИЕ
B6: выполнения муниципального задания на оказание муниципальных услуг (выполнение работ)
B7: на 2021 год и плановый период 2022 и 2023 годов
B8: ='[1]16'!A2 -> МБОУ СОШ № 183
B9: наименование учреждения
A11: № п/п | B11: Наименование муниципальной услуги | D11: Уникальный номер реестровой записи | E11: Нормативные затраты на оказание муниципальной услуги, рублей | F11: Объем муниципальной услуги, установленный муниципальным заданием | G11: Сумма затрат на оказание муниципальной услуги, рублей | H11: Коэффициент выравнивания | I11: Затраты на уплату налогов | J11: Финансовое обеспечение выполнения муниципального задания, рублей
J12: всего | K12: в том числе
K13: 01.01.00 | L13: 37.50.02 | M13: 37.50.04 | N13: 03.01.01 | O13: 03.01.02
A14: 1 | B14: 2 | D14: 3 | E14: 4 | F14: 5 | G14: 6=4x5 | H14: 7 | I14: 8 | J14: 9=6x7+8 | K14: 10 | L14: 11 | M14: 11 | N14: 11 | O14: 12
A15: 1 | B15: Реализация основных общеобразовательных программ начального общего образования | C15: не указано | D15: {=TRANSPOSE('[1]16'!C10:BJ10)} -> 801012О.99.0.БА81АЭ92001 | E15: =IFERROR(ROUND('[1]16'!C169/F15,2),0) -> 41057.02 | F15: {=TRANSPOSE('[1]16'!C131:BJ131)} -> 515 | G15: =E15*F15 -> 21144365 | H15: х | I15: х | J15: х | K15: х | L15: х | M15: х | N15: х | O15: х
B16: Реализация основных общеобразовательных программ начального общего образования | C16: не указано | D16: 801012О.99.0.БА81АЮ07001 | E16: =IFERROR(ROUND('[1]16'!D169/F16,2),0) -> 0 | F16: 0 | G16: =E16*F16 -> 0 | H16: х | I16: х | J16: х | K16: х | L16: х | M16: х | N16: х | O16: х
B17: Реализация основных общеобразовательных программ начального общего образования | C17: не указано | D17: 801012О.99.0.БА81АЭ96001 | E17: =IFERROR(ROUND('[1]16'!E169/F17,2),0) -> 0 | F17: 0 | G17: =E17*F17 -> 0 | H17: х | I17: х | J17: х | K17: х | L17: х | M17: х | N17: х | O17: х
B18: Реализация основных общеобразовательных программ начального общего образования | C18: не указано | D18: 801012О.99.0.БА81АЮ11001 | E18: =IFERROR(ROUND('[1]16'!F169/F18,2),0) -> 0 | F18: 0 | G18: =E18*F18 -> 0 | H18: х | I18: х | J18: х | K18: х | L18: х | M18: х | N18: х | O18: х
B19: Реализация основных общеобразовательных программ начального общего образования | C19: не указано | D19: 801012О.99.0.БА81АЮ00001 | E19: =IFERROR(ROUND('[1]16'!G169/F19,2),0) -> 0 | F19: 0 | G19: =E19*F19 -> 0 | H19: х | I19: х | J19: х | K19: х | L19: х | M19: х | N19: х | O19: х
B20: Реализация основных общеобразовательных программ начального общего образования | C20: не указано | D20: 801012О.99.0.БА81АЮ15001 | E20: =IFERROR(ROUND('[1]16'!H169/F20,2),0) -> 0 | F20: 0 | G20: =E20*F20 -> 0 | H20: х | I20: х | J20: х | K20: х | L20: х | M20: х | N20: х | O20: х
B21: Реализация основных общеобразовательных программ начального общего образования | C21: образовательная программа, обеспечивающая углубленное изучение отдельных учебных предметов, предметных областей (профильное обучение) | D21: 801012О.99.0.БА81АП40001 | E21: =IFERROR(ROUND('[1]16'!I169/F21,2),0) -> 0 | F21: 0 | G21: =E21*F21 -> 0 | H21: х | I21: х | J21: х | K21: х | L21: х | M21: х | N21: х | O21: х
B22: Реализация основных общеобразовательных программ начального общего образования | C22: образовательная программа, обеспечивающая углубленное изучение отдельных учебных предметов, предметных областей (профильное обучение) | D22: 801012О.99.0.БА81АП55001 | E22: =IFERROR(ROUND('[1]16'!J169/F22,2),0) -> 0 | F22: 0 | G22: =E22*F22 -> 0 | H22: х | I22: х | J22: х | K22: х | L22: х | M22: х | N22: х | O22: х
B23: Реализация основных общеобразовательных программ начального общего образования | C23: образовательная программа, обеспечивающая углубленное изучение отдельных учебных предметов, предметных областей (профильное обучение) | D23: 801012О.99.0.БА81АП44001 | E23: =IFERROR(ROUND('[1]16'!K169/F23,2),0) -> 0 | F23: 0 | G23: =E23*F23 -> 0 | H23: х | I23: х | J23: х | K23: х | L23: х | M23: х | N23: х | O23: х
B24: Реализация основных общеобразовательных программ начального общего образования | C24: образовательная программа, обеспечивающая углубленное изучение отдельных учебных предметов, предметных областей (профильное обучение) | D24: 801012О.99.0.БА81АП59001 | E24: =IFERROR(ROUND('[1]16'!L169/F24,2),0) -> 0 | F24: 0 | G24: =E24*F24 -> 0 | H24: х | I24: х | J24: х | K24: х | L24: х | M24: х | N24: х | O24: х
B25: Реализация основных общеобразовательных программ начального общего образования | C25: образовательная программа, обеспечивающая углубленное изучение отдельных учебных предметов, предметных областей (профильное обучение) | D25: 801012О.99.0.БА81АП48001 | E25: =IFERROR(ROUND('[1]16'!M169/F25,2),0) -> 0 | F25: 0 | G25: =E25*F25 -> 0 | H25: х | I25: х | J25: х | K25: х | L25: х | M25: х | N25: х | O25: х
B26: Реализация основных общеобразовательных программ начального общего образования | C26: образовательная программа, обеспечивающая углубленное изучение отдельных учебных предметов, предметных областей (профильное обучение) | D26: 801012О.99.0.БА81АП63001 | E26: =IFERROR(ROUND('[1]16'!N169/F26,2),0) -> 0 | F26: 0 | G26: =E26*F26 -> 0 | H26: х | I26: х | J26: х | K26: х | L26: х | M26: х | N26: х | O26: х
A27: 2 | B27: Реализация основных общеобразовательных программ начального общего образования | C27: адаптированная образовательная программа | D27: 801012О.99.0.БА81АВ88000 | E27: =IFERROR(ROUND('[1]16'!O169/F27,2),0) -> 41057.02 | F27: 12 | G27: =E27*F27 -> 492684.24 | H27: х | I27: х | J27: х | K27: х | L27: х | M27: х | N27: х | O27: х
B28: Реализация основных общеобразовательных программ начального общего образования | C28: адаптированная образовательная программа | D28: 801012О.99.0.БА81АГ03000 | E28: =IFERROR(ROUND('[1]16'!P169/F28,2),0) -> 0 | F28: 0 | G28: =E28*F28 -> 0 | H28: х | I28: х | J28: х | K28: х | L28: х | M28: х | N28: х | O28: х
B29: Реализация основных общеобразовательных программ начального общего образования | C29: адаптированная образовательная программа | D29: 801012О.99.0.БА81АВ92000 | E29: =IFERROR(ROUND('[1]16'!Q169/F29,2),0) -> 0 | F29: 0 | G29: =E29*F29 -> 0 | H29: х | I29: х | J29: х | K29: х | L29: х | M29: х | N29: х | O29: х
B30: Реализация основных общеобразовательных программ начального общего образования | C30: адаптированная образовательная программа | D30: 801012О.99.0.БА81АГ07000 | E30: =IFERROR(ROUND('[1]16'!R169/F30,2),0) -> 0 | F30: 0 | G30: =E30*F30 -> 0 | H30: х | I30: х | J30: х | K30: х | L30: х | M30: х | N30: х | O30: х
B31: Реализация основных общеобразовательных программ начального общего образования | C31: адаптированная образовательная программа | D31: 801012О.99.0.БА81АВ96000 | E31: =IFERROR(ROUND('[1]16'!S169/F31,2),0) -> 0 | F31: 0 | G31: =E31*F31 -> 0 | H31: х | I31: х | J31: х | K31: х | L31: х | M31: х | N31: х | O31: х
B32: Реализация основных общеобразовательных программ начального общего образования | C32: адаптированная образовательная программа | D32: 801012О.99.0.БА81АГ11000 | E32: =IFERROR(ROUND('[1]16'!T169/F32,2),0) -> 0 | F32: 0 | G32: =E32*F32 -> 0 | H32: х | I32: х | J32: х | K32: х | L32: х | M32: х | N32: х | O32: х
A33: 3 | B33: Реализация основных общеобразовательных программ основного общего образования | C33: не указано | D33: 802111О.99.0.БА96АЮ58001 | E33: =IFERROR(ROUND('[1]16'!U169/F33,2),0) -> 47909.72 | F33: 208 | G33: =E33*F33 -> 9965221.8 | H33: х | I33: х | J33: х | K33: х | L33: х | M33: х | N33: х | O33: х
B34: Реализация основных общеобразовательных программ основного общего образования | C34: не указано | D34: 802111О.99.0.БА96АЮ73001 | E34: =IFERROR(ROUND('[1]16'!V169/F34,2),0) -> 0 | F34: 0 | G34: =E34*F34 -> 0 | H34: х | I34: х | J34: х | K34: х | L34: х | M34: х | N34: х | O34: х
B35: Реализация основных общеобразовательных программ основного общего образования | C35: не указано | D35: 802111О.99.0.БА96АЮ62001 | E35: =IFERROR(ROUND('[1]16'!W169/F35,2),0) -> 0 | F35: 0 | G35: =E35*F35 -> 0 | H35: х | I35: х | J35: х | K35: х | L35: х | M35: х | N35: х | O35: х
B36: Реализация основных общеобразовательных программ основного общего образования | C36: не указано | D36: 802111О.99.0.БА96АЮ77001 | E36: =IFERROR(ROUND('[1]16'!X169/F36,2),0) -> 0 | F36: 0 | G36: =E36*F36 -> 0 | H36: х | I36: х | J36: х | K36: х | L36: х | M36: х | N36: х | O36: х
B37: Реализация основных общеобразовательных программ основного общего образования | C37: не указано | D37: 802111О.99.0.БА96АЮ66001 | E37: =IFERROR(ROUND('[1]16'!Y169/F37,2),0) -> 0 | F37: 0 | G37: =E37*F37 -> 0 | H37: х | I37: х | J37: х | K37: х | L37: х | M37: х | N37: х | O37: х
B38: Реализация основных общеобразовательных программ основного общего образования | C38: не указано | D38: 802111О.99.0.БА96АЮ81001 | E38: =IFERROR(ROUND('[1]16'!Z169/F38,2),0) -> 0 | F38: 0 | G38: =E38*F38 -> 0 | H38: х | I38: х | J38: х | K38: х | L38: х | M38: х | N38: х | O38: х
A39: 4 | B39: Реализация основных общеобразовательных программ основного общего образования | C39: образовательная программа, обеспечивающая углубленное изучение отдельных учебных предметов, предметных областей (профильное обучение) | D39: 802111О.99.0.БА96АП76001 | E39: =IFERROR(ROUND('[1]16'!AA169/F39,2),0) -> 94265.98 | F39: 215 | G39: =E39*F39 -> 20267186 | H39: х | I39: х | J39: х | K39: х | L39: х | M39: х | N39: х | O39: х
B40: Реализация основных общеобразовательных программ основного общего образования | C40: образовательная программа, обеспечивающая углубленное изучение отдельных учебных предметов, предметных областей (профильное обучение) | D40: 802111О.99.0.БА96АП91001 | E40: =IFERROR(ROUND('[1]16'!AB169/F40,2),0) -> 0 | F40: 0 | G40: =E40*F40 -> 0 | H40: х | I40: х | J40: х | K40: х | L40: х | M40: х | N40: х | O40: х
B41: Реализация основных общеобразовательных программ основного общего образования | C41: образовательная программа, обеспечивающая углубленное изучение отдельных учебных предметов, предметных областей (профильное обучение) | D41: 802111О.99.0.БА96АП80001 | E41: =IFERROR(ROUND('[1]16'!AC169/F41,2),0) -> 0 | F41: 0 | G41: =E41*F41 -> 0 | H41: х | I41: х | J41: х | K41: х | L41: х | M41: х | N41: х | O41: х
B42: Реализация основных общеобразовательных программ основного общего образования | C42: образовательная программа, обеспечивающая углубленное изучение отдельных учебных предметов, предметных областей (профильное обучение) | D42: 802111О.99.0.БА96АП95001 | E42: =IFERROR(ROUND('[1]16'!AD169/F42,2),0) -> 0 | F42: 0 | G42: =E42*F42 -> 0 | H42: х | I42: х | J42: х | K42: х | L42: х | M42: х | N42: х | O42: х
B43: Реализация основных общеобразовательных программ основного общего образования | C43: образовательная программа, обеспечивающая углубленное изучение отдельных учебных предметов, предметных областей (профильное обучение) | D43: 802111О.99.0.БА96АП84001 | E43: =IFERROR(ROUND('[1]16'!AE169/F43,2),0) -> 0 | F43: 0 | G43: =E43*F43 -> 0 | H43: х | I43: х | J43: х | K43: х | L43: х | M43: х | N43: х | O43: х
B44: Реализация основных общеобразовательных программ основного общего образования | C44: образовательная программа, обеспечивающая углубленное изучение отдельных учебных предметов, предметных областей (профильное обучение) | D44: 802111О.99.0.БА96АП99001 | E44: =IFERROR(ROUND('[1]16'!AF169/F44,2),0) -> 0 | F44: 0 | G44: =E44*F44 -> 0 | H44: х | I44: х | J44: х | K44: х | L44: х | M44: х | N44: х | O44: х
A45: 5 | B45: Реализация основных общеобразовательных программ основного общего образования | C45: адаптированная образовательная программа | D45: 802111О.99.0.БА96АГ00000 | E45: =IFERROR(ROUND('[1]16'!AG169/F45,2),0) -> 47909.72 | F45: 6 | G45: =E45*F45 -> 287458.32 | H45: х | I45: х | J45: х | K45: х | L45: х | M45: х | N45: х | O45: х
B46: Реализация основных общеобразовательных программ основного общего образования | C46: адаптированная образовательная программа | D46: 802111О.99.0.БА96АГ15000 | E46: =IFERROR(ROUND('[1]16'!AH169/F46,2),0) -> 0 | F46: 0 | G46: =E46*F46 -> 0 | H46: х | I46: х | J46: х | K46: х | L46: х | M46: х | N46: х | O46: х
B47: Реализация основных общеобразовательных программ основного общего образования | C47: адаптированная образовательная программа | D47: 802111О.99.0.БА96АГ04000 | E47: =IFERROR(ROUND('[1]16'!AI169/F47,2),0) -> 0 | F47: 0 | G47: =E47*F47 -> 0 | H47: х | I47: х | J47: х | K47: х | L47: х | M47: х | N47: х | O47: х
B48: Реализация основных общеобразовательных программ основного общего образования | C48: адаптированная образовательная программа | D48: 802111О.99.0.БА96АГ19000 | E48: =IFERROR(ROUND('[1]16'!AJ169/F48,2),0) -> 0 | F48: 0 | G48: =E48*F48 -> 0 | H48: х | I48: х | J48: х | K48: х | L48: х | M48: х | N48: х | O48: х
B49: Реализация основных общеобразовательных программ основного общего образования | C49: адаптированная образовательная программа | D49: 802111О.99.0.БА96АГ08000 | E49: =IFERROR(ROUND('[1]16'!AK169/F49,2),0) -> 0 | F49: 0 | G49: =E49*F49 -> 0 | H49: х | I49: х | J49: х | K49: х | L49: х | M49: х | N49: х | O49: х
B50: Реализация основных общеобразовательных программ основного общего образования | C50: адаптированная образовательная программа | D50: 802111О.99.0.БА96АГ23000 | E50: =IFERROR(ROUND('[1]16'!AL169/F50,2),0) -> 0 | F50: 0 | G50: =E50*F50 -> 0 | H50: х | I50: х | J50: х | K50: х | L50: х | M50: х | N50: х | O50: х
A51: 6 | B51: Реализация основных общеобразовательных программ среднего общего образования | C51: не указано | D51: 802112О.99.0.ББ11АЮ58001 | E51: =IFERROR(ROUND('[1]16'!AM169/F51,2),0) -> 49715.91 | F51: 26 | G51: =E51*F51 -> 1292613.7 | H51: х | I51: х | J51: х | K51: х | L51: х | M51: х | N51: х | O51: х
B52: Реализация основных общеобразовательных программ среднего общего образования | C52: не указано | D52: 802112О.99.0.ББ11АЮ73001 | E52: =IFERROR(ROUND('[1]16'!AN169/F52,2),0) -> 0 | F52: 0 | G52: =E52*F52 -> 0 | H52: х | I52: х | J52: х | K52: х | L52: х | M52: х | N52: х | O52: х
B53: Реализация основных общеобразовательных программ среднего общего образования | C53: не указано | D53: 802112О.99.0.ББ11АЮ62001 | E53: =IFERROR(ROUND('[1]16'!AO169/F53,2),0) -> 0 | F53: 0 | G53: =E53*F53 -> 0 | H53: х | I53: х | J53: х | K53: х | L53: х | M53: х | N53: х | O53: х
B54: Реализация основных общеобразовательных программ среднего общего образования | C54: не указано | D54: 802112О.99.0.ББ11АЮ77001 | E54: =IFERROR(ROUND('[1]16'!AP169/F54,2),0) -> 0 | F54: 0 | G54: =E54*F54 -> 0 | H54: х | I54: х | J54: х | K54: х | L54: х | M54: х | N54: х | O54: х
B55: Реализация основных общеобразовательных программ среднего общего образования | C55: не указано | D55: 802112О.99.0.ББ11АЮ66001 | E55: =IFERROR(ROUND('[1]16'!AQ169/F55,2),0) -> 0 | F55: 0 | G55: =E55*F55 -> 0 | H55: х | I55: х | J55: х | K55: х | L55: х | M55: х | N55: х | O55: х
B56: Реализация основных общеобразовательных программ среднего общего образования | C56: не указано | D56: 802112О.99.0.ББ11АЮ81001 | E56: =IFERROR(ROUND('[1]16'!AR169/F56,2),0) -> 0 | F56: 0 | G56: =E56*F56 -> 0 | H56: х | I56: х | J56: х | K56: х | L56: х | M56: х | N56: х | O56: х
A57: 7 | B57: Реализация основных общеобразовательных программ среднего общего образования | C57: образовательная программа, обеспечивающая углубленное изучение отдельных учебных предметов, предметных областей (профильное обучение) | D57: 802112О.99.0.ББ11АП76001 | E57: =IFERROR(ROUND('[1]16'!AS169/F57,2),0) -> 96843.41 | F57: 54 | G57: =E57*F57 -> 5229544.1 | H57: х | I57: х | J57: х | K57: х | L57: х | M57: х | N57: х | O57: х
B58: Реализация основных общеобразовательных программ среднего общего образования | C58: образовательная программа, обеспечивающая углубленное изучение отдельных учебных предметов, предметных областей (профильное обучение) | D58: 802112О.99.0.ББ11АП91001 | E58: =IFERROR(ROUND('[1]16'!AT169/F58,2),0) -> 0 | F58: 0 | G58: =E58*F58 -> 0 | H58: х | I58: х | J58: х | K58: х | L58: х | M58: х | N58: х | O58: х
B59: Реализация основных общеобразовательных программ среднего общего образования | C59: образовательная программа, обеспечивающая углубленное изучение отдельных учебных предметов, предметных областей (профильное обучение) | D59: 802112О.99.0.ББ11АП80001 | E59: =IFERROR(ROUND('[1]16'!AU169/F59,2),0) -> 0 | F59: 0 | G59: =E59*F59 -> 0 | H59: х | I59: х | J59: х | K59: х | L59: х | M59: х | N59: х | O59: х
B60: Реализация основных общеобразовательных программ среднего общего образования | C60: образовательная программа, обеспечивающая углубленное изучение отдельных учебных предметов, предметных областей (профильное обучение) | D60: 802112О.99.0.ББ11АП95001 | E60: =IFERROR(ROUND('[1]16'!AV169/F60,2),0) -> 0 | F60: 0 | G60: =E60*F60 -> 0 | H60: х | I60: х | J60: х | K60: х | L60: х | M60: х | N60: х | O60: х
B61: Реализация основных общеобразовательных программ среднего общего образования | C61: образовательная программа, обеспечивающая углубленное изучение отдельных учебных предметов, предметных областей (профильное обучение) | D61: 802112О.99.0.ББ11АП84001 | E61: =IFERROR(ROUND('[1]16'!AW169/F61,2),0) -> 0 | F61: 0 | G61: =E61*F61 -> 0 | H61: х | I61: х | J61: х | K61: х | L61: х | M61: х | N61: х | O61: х
B62: Реализация основных общеобразовательных программ среднего общего образования | C62: образовательная программа, обеспечивающая углубленное изучение отдельных учебных предметов, предметных областей (профильное обучение) | D62: 802112О.99.0.ББ11АП99001 | E62: =IFERROR(ROUND('[1]16'!AX169/F62,2),0) -> 0 | F62: 0 | G62: =E62*F62 -> 0 | H62: х | I62: х | J62: х | K62: х | L62: х | M62: х | N62: х | O62: х
B63: Реализация основных общеобразовательных программ среднего общего образования | C63: адаптированная образовательная программа | D63: 802112О.99.0.ББ11АГ00000 | E63: =IFERROR(ROUND('[1]16'!AY169/F63,2),0) -> 0 | F63: 0 | G63: =E63*F63 -> 0 | H63: х | I63: х | J63: х | K63: х | L63: х | M63: х | N63: х | O63: х
B64: Реализация основных общеобразовательных программ среднего общего образования | C64: адаптированная образовательная программа | D64: 802112О.99.0.ББ11АГ15000 | E64: =IFERROR(ROUND('[1]16'!AZ169/F64,2),0) -> 0 | F64: 0 | G64: =E64*F64 -> 0 | H64: х | I64: х | J64: х | K64: х | L64: х | M64: х | N64: х | O64: х
B65: Реализация основных общеобразовательных программ среднего общего образования | C65: адаптированная образовательная программа | D65: 802112О.99.0.ББ11АГ04000 | E65: =IFERROR(ROUND('[1]16'!BA169/F65,2),0) -> 0 | F65: 0 | G65: =E65*F65 -> 0 | H65: х | I65: х | J65: х | K65: х | L65: х | M65: х | N65: х | O65: х
B66: Реализация основных общеобразовательных программ среднего общего образования | C66: адаптированная образовательная программа | D66: 802112О.99.0.ББ11АГ19000 | E66: =IFERROR(ROUND('[1]16'!BB169/F66,2),0) -> 0 | F66: 0 | G66: =E66*F66 -> 0 | H66: х | I66: х | J66: х | K66: х | L66: х | M66: х | N66: х | O66: х
B67: Реализация основных общеобразовательных программ среднего общего образования | C67: адаптированная образовательная программа | D67: 802112О.99.0.ББ11АГ08000 | E67: =IFERROR(ROUND('[1]16'!BC169/F67,2),0) -> 0 | F67: 0 | G67: =E67*F67 -> 0 | H67: х | I67: х | J67: х | K67: х | L67: х | M67: х | N67: х | O67: х
B68: Реализация основных общеобразовательных программ среднего общего образования | C68: адаптированная образовательная программа | D68: 802112О.99.0.ББ11АГ23000 | E68: =IFERROR(ROUND('[1]16'!BD169/F68,2),0) -> 0 | F68: 0 | G68: =E68*F68 -> 0 | H68: х | I68: х | J68: х | K68: х | L68: х | M68: х | N68: х | O68: х
B69: Реализация основных общеобразовательных программ дошкольного образования | C69: группа кратковременного пребывания детей | D69: 801011О.99.0.БВ24ДМ60000 | E69: =IFERROR(ROUND('[1]16'!BE169/F69,2),0) -> 0 | F69: 0 | G69: =E69*F69 -> 0 | H69: х | I69: х | J69: х | K69: х | L69: х | M69: х | N69: х | O69: х
B70: Реализация основных общеобразовательных программ дошкольного образования | C70: группа кратковременного пребывания детей | D70: 801011О.99.0.БВ24ДН80000 | E70: =IFERROR(ROUND('[1]16'!BF169/F70,2),0) -> 0 | F70: 0 | G70: =E70*F70 -> 0 | H70: х | I70: х | J70: х | K70: х | L70: х | M70: х | N70: х | O70: х
B71: Реализация основных общеобразовательных программ дошкольного образования | C71: группа полного дня | D71: 801011О.99.0.БВ24ДМ62000 | E71: =IFERROR(ROUND('[1]16'!BG169/F71,2),0) -> 0 | F71: 0 | G71: =E71*F71 -> 0 | H71: х | I71: х | J71: х | K71: х | L71: х | M71: х | N71: х | O71: х
B72: Реализация основных общеобразовательных программ дошкольного образования | C72: группа полного дня | D72: 801011О.99.0.БВ24ДН82000 | E72: =IFERROR(ROUND('[1]16'!BH169/F72,2),0) -> 0 | F72: 0 | G72: =E72*F72 -> 0 | H72: х | I72: х | J72: х | K72: х | L72: х | M72: х | N72: х | O72: х
B73: Реализация основных общеобразовательных программ дошкольного образования | C73: группа круглосуточного пребывания | D73: 801011О.99.0.БВ24ДМ64000 | E73: =IFERROR(ROUND('[1]16'!BI169/F73,2),0) -> 0 | F73: 0 | G73: =E73*F73 -> 0 | H73: х | I73: х | J73: х | K73: х | L73: х | M73: х | N73: х | O73: х
B74: Реализация основных общеобразовательных программ дошкольного образования | C74: группа круглосуточного пребывания | D74: 801011О.99.0.БВ24ДН84000 | E74: =IFERROR(ROUND('[1]16'!BJ169/F74,2),0) -> 0 | F74: 0 | G74: =E74*F74 -> 0 | H74: х | I74: х | J74: х | K74: х | L74: х | M74: х | N74: х | O74: х
B75: Реализация основных общеобразовательных программ общего образования | E75: х | F75: х | G75: х | H75: 0.837929 | I75: ='[1]16'!BY164 -> 2687800 | J75: х | K75: х | L75: х | M75: х | N75: х | O75: х
B76: Реализация основных общеобразовательных программ дошкольного образования | E76: х | F76: х | G76: х | H76: 0.832191 | I76: ='[1]16'!BZ164 -> 0 | J76: х | K76: х | L76: х | M76: х | N76: х | O76: х
B77: ИТОГО | D77: x | E77: x | F77: =SUM(F15:F74) -> 1036 | G77: =SUM(G15:G74) -> 58679073 | H77: х | I77: =SUM(I75:I76) -> 2687800 | J77: =ROUND(((SUM(G15:G68))*[1]фо.16!H75)+((SUM([1]фо.16!G69:G74))*[1]фо.16!H76+I75+I76),2) -> 51856697 | K77: =J77-L77-N77-O77-M77 -> 14885398 | L77: =('[1]16'!CA121+'[1]16'!CA122)*1000 -> 0 | M77: =('[1]16'!CA125)*1000 -> 0 | N77: ='[1]16'!BY177 -> 36971299 | O77: ='[1]16'!BZ177 -> 0 | P77: =J77-L77-K77-O77-N77-M77 -> 0 | Q77: =('[1]16'!CA120+'[1]16'!CA123+'[1]16'!CA124)*1000-[1]фо.16!K77 -> 0.88 | R77: ='[1]16'!CA121*1000+'[1]16'!CA122*1000-[1]фо.16!L77 -> 0 | S77: ='[1]16'!CA125*1000-[1]фо.16!M77 -> 0 | T77: ='[1]16'!BY126*1000-[1]фо.16!N77 -> 1.06 | U77: ='[1]16'!BZ126*1000-[1]фо.16!O77 -> 0
Q78: ='[1]16'!CA132*1000-[1]фо.16!J77 -> 1.94
A80: СОГЛАСОВАНО
A81: Начальник управления экономической экспертизы
A82: департамента экономики и стратегического
A83: планирования мэрии города Новосибирска
A85: ____________________ Н. Н. Стасенко
A87: "_____" _________________ 20__ г.

Sheet Лист2
A1: Расчетные данные с детализацией для установления нормативных затрат
A2: МБОУ СОШ № 183
A3: краткое наименование учреждения, в соответствии с Уставом
A4: Муниципальные услуги | C4: Реализация основных общеобразовательных программ начального общего образования | U4: Реализация основных общеобразовательных программ основного общего образования | AM4: Реализация основных общеобразовательных программ среднего общего образования | BE4: Реализация основных общеобразовательных программ дошкольного образования | BK4: Итого в бюджет по учреждению на 01.01.2021, тыс.рублей | BM4: Изменения в 2021 году, тыс.рублей | BO4: Изменения в 2021 году, тыс.рублей | BQ4: Изменения в 2021 году, тыс.рублей | BS4: Изменения в 2021 году, тыс.рублей | BU4: Изменения в 2021 году, тыс.рублей | BW4: Изменения в 2021 году, тыс.рублей | BY4: Включено в МЗ с учетом изменения на 2021 год, тыс.рублей
C5: не указано | I5: образовательная программа, обеспечивающая углубленное изучение отдельных учебных предметов, предметных областей (профильное обучение) | O5: адаптированная образовательная программа | U5: не указано | AA5: образовательная программа, обеспечивающая углубленное изучение отдельных учебных предметов, предметных областей (профильное обучение) | AG5: адаптированная образовательная программа | AM5: не указано | AS5: образовательная программа, обеспечивающая углубленное изучение отдельных учебных предметов, предметных областей (профильное обучение) | AY5: адаптированная образовательная программа | BE5: не указано
C6: не указано | I6: не указано | O6: не указано | U6: не указано | AA6: не указано | AG6: не указано | AM6: не указано | AS6: не указано | AY6: не указано | BE6: не указано
C7: не указано | I7: не указано | O7: не указано | U7: не указано | AA7: не указано | AG7: не указано | AM7: не указано | AS7: не указано | AY7: не указано | BE7: От 1 года до 3 лет | BF7: От 3 лет до 8 лет | BG7: От 1 года до 3 лет | BH7: От 3 лет до 8 лет | BI7: От 1 года до 3 лет | BJ7: От 3 лет до 8 лет
C8: Очная | D8: Очная с применением сетевой формы реализации, дистанционных образовательных технологий и электронного обучения | E8: Очно-заочная | F8: Очно-заочная с применением сетевой формы реализации, дистанционных образовательных технологий и электронного обучения | G8: Заочная | H8: Заочная с применением сетевой формы реализации, дистанционных образовательных технологий и электронного обучения | I8: Очная | J8: Очная с применением сетевой формы реализации, дистанционных образовательных технологий и электронного обучения | K8: Очно-заочная | L8: Очно-заочная с применением сетевой формы реализации, дистанционных образовательных технологий и электронного обучения | M8: Заочная | N8: Заочная с применением сетевой формы реализации, дистанционных образовательных технологий и электронного обучения | O8: Очная | P8: Очная с применением сетевой формы реализации, дистанционных образовательных технологий и электронного обучения | Q8: Очно-заочная | R8: Очно-заочная с применением сетевой формы реализации, дистанционных образовательных технологий и электронного обучения | S8: Заочная | T8: Заочная с применением сетевой формы реализации, дистанционных образовательных технологий и электронного обучения | U8: Очная | V8: Очная с применением сетевой формы реализации, дистанционных образовательных технологий и электронного обучения | W8: Очно-заочная | X8: Очно-заочная с применением сетевой формы реализации, дистанционных образовательных технологий и электронного обучения | Y8: Заочная | Z8: Заочная с применением сетевой формы реализации, дистанционных образовательных технологий и электронного обучения | AA8: Очная | AB8: Очная с применением сетевой формы реализации, дистанционных образовательных технологий и электронного обучения | AC8: Очно-заочная | AD8: Очно-заочная с применением сетевой формы реализации, дистанционных образовательных технологий и электронного обучения | AE8: Заочная | AF8: Заочная с применением сетевой формы реализации, дистанционных образовательных технологий и электронного обучения | AG8: Очная | AH8: Очная с применением сетевой формы реализации, дистанционных образовательных технологий и электронного обучения | AI8: Очно-заочная | AJ8: Очно-заочная с применением сетевой формы реализации, дистанционных образовательных технологий и электронного обучения | AK8: Заочная | AL8: Заочная с применением сетевой формы реализации, дистанционных образовательных технологий и электронного обучения | AM8: Очная | AN8: Очная с применением сетевой формы реализации, дистанционных образовательных технологий и электронного обучения | AO8: Очно-заочная | AP8: Очно-заочная с применением сетевой формы реализации, дистанционных образовательных технологий и электронного обучения | AQ8: Заочная | AR8: Заочная с применением сетевой формы реализации, дистанционных образовательных технологий и электронного обучения | AS8: Очная | AT8: Очная с применением сетевой формы реализации, дистанционных образовательных технологий и электронного обучения | AU8: Очно-заочная | AV8: Очно-заочная с применением сетевой формы реализации, дистанционных образовательных технологий и электронного обучения | AW8: Заочная | AX8: Заочная с применением сетевой формы реализации, дистанционных образовательных технологий и электронного обучения | AY8: Очная | AZ8: Очная с применением сетевой формы реализации, дистанционных образовательных технологий и электронного обучения | BA8: Очно-заочная | BB8: Очно-заочная с применением сетевой формы реализации, дистанционных образовательных технологий и электронного обучения | BC8: Заочная | BD8: Заочная с применением сетевой формы реализации, дистанционных образовательных технологий и электронного обучения | BE8: Очная
BE9: группа кратковременного пребывания детей | BF9: группа кратковременного пребывания детей | BG9: группа полного дня | BH9: группа полного дня | BI9: группа круглосуточного пребывания | BJ9: группа круглосуточного пребывания | BK9: СОШ (1 услуга) | BL9: ДОУ при СОШ (2 услуга) | BM9: СОШ (1 услуга) | BN9: ДОУ при СОШ (2 услуга) | BO9: СОШ (1 услуга) | BP9: ДОУ при СОШ (2 услуга) | BQ9: СОШ (1 услуга) | BR9: ДОУ при СОШ (2 услуга) | BS9: СОШ (1 услуга) | BT9: ДОУ при СОШ (2 услуга) | BU9: СОШ (1 услуга) | BV9: ypcji | BW9: СОШ (1 услуга) | BX9: ДОУ при СОШ (2 услуга) | BY9: СОШ (1 услуга) | BZ9: ДОУ при СОШ (2 услуга) | CA9: ВСЕГО
A10: Уникальный номер реестровой записи | C10: 801012О.99.0.БА81АЭ92001 | D10: 801012О.99.0.БА81АЮ07001 | E10: 801012О.99.0.БА81АЭ96001 | F10: 801012О.99.0.БА81АЮ11001 | G10: 801012О.99.0.БА81АЮ00001 | H10: 801012О.99.0.БА81АЮ15001 | I10: 801012О.99.0.БА81АП40001 | J10: 801012О.99.0.БА81АП55001 | K10: 801012О.99.0.БА81АП44001 | L10: 801012О.99.0.БА81АП59001 | M10: 801012О.99.0.БА81АП48001 | N10: 801012О.99.0.БА81АП63001 | O10: 801012О.99.0.БА81АВ88000 | P10: 801012О.99.0.БА81АГ03000 | Q10: 801012О.99.0.БА81АВ92000 | R10: 801012О.99.0.БА81АГ07000 | S10: 801012О.99.0.БА81АВ96000 | T10: 801012О.99.0.БА81АГ11000 | U10: 802111О.99.0.БА96АЮ58001 | V10: 802111О.99.0.БА96АЮ73001 | W10: 802111О.99.0.БА96АЮ62001 | X10: 802111О.99.0.БА96АЮ77001 | Y10: 802111О.99.0.БА96АЮ66001 | Z10: 802111О.99.0.БА96АЮ81001 | AA10: 802111О.99.0.БА96АП76001 | AB10: 802111О.99.0.БА96АП91001 | AC10: 802111О.99.0.БА96АП80001 | AD10: 802111О.99.0.БА96АП95001 | AE10: 802111О.99.0.БА96АП84001 | AF10: 802111О.99.0.БА96АП99001 | AG10: 802111О.99.0.БА96АГ00000 | AH10: 802111О.99.0.БА96АГ15000 | AI10: 802111О.99.0.БА96АГ04000 | AJ10: 802111О.99.0.БА96АГ19000 | AK10: 802111О.99.0.БА96АГ08000 | AL10: 802111О.99.0.БА96АГ23000 | AM10: 802112О.99.0.ББ11АЮ58001 | AN10: 802112О.99.0.ББ11АЮ73001 | AO10: 802112О.99.0.ББ11АЮ62001 | AP10: 802112О.99.0.ББ11АЮ77001 | AQ10: 802112О.99.0.ББ11АЮ66001 | AR10: 802112О.99.0.ББ11АЮ81001 | AS10: 802112О.99.0.ББ11АП76001 | AT10: 802112О.99.0.ББ11АП91001 | AU10: 802112О.99.0.ББ11АП80001 | AV10: 802112О.99.0.ББ11АП95001 | AW10: 802112О.99.0.ББ11АП84001 | AX10: 802112О.99.0.ББ11АП99001 | AY10: 802112О.99.0.ББ11АГ00000 | AZ10: 802112О.99.0.ББ11АГ15000 | BA10: 802112О.99.0.ББ11АГ04000 | BB10: 802112О.99.0.ББ11АГ19000 | BC10: 802112О.99.0.ББ11АГ08000 | BD10: 802112О.99.0.ББ11АГ23000 | BE10: 801011О.99.0.БВ24ДМ60000 | BF10: 801011О.99.0.БВ24ДН80000 | BG10: 801011О.99.0.БВ24ДМ62000 | BH10: 801011О.99.0.БВ24ДН82000 | BI10: 801011О.99.0.БВ24ДМ64000 | BJ10: 801011О.99.0.БВ24ДН84000 | CB10: проверка
A11: номер по списку муниципальных услуг | C11: 1 | D11: 2 | E11: 3 | F11: 4 | G11: 5 | H11: 6 | I11: 7 | J11: 8 | K11: 9 | L11: 10 | M11: 11 | N11: 12 | O11: 13 | P11: 14 | Q11: 15 | R11: 16 | S11: 17 | T11: 18 | U11: 19 | V11: 20 | W11: 21 | X11: 22 | Y11: 23 | Z11: 24 | AA11: 25 | AB11: 26 | AC11: 27 | AD11: 28 | AE11: 29 | AF11: 30 | AG11: 31 | AH11: 32 | AI11: 33 | AJ11: 34 | AK11: 35 | AL11: 36 | AM11: 37 | AN11: 38 | AO11: 39 | AP11: 40 | AQ11: 41 | AR11: 42 | AS11: 43 | AT11: 44 | AU11: 45 | AV11: 46 | AW11: 47 | AX11: 48 | AY11: 49 | AZ11: 50 | BA11: 51 | BB11: 52 | BC11: 53 | BD11: 54 | BE11: 1 | BF11: 2 | BG11: 3 | BH11: 4 | BI11: 5 | BJ11: 6
A12: Затраты бюджета города (01.01.00) | B12: Код статьи
A13: Итого | B13: 210 | C13: =C14+C18+C22 -> 4320.364 | D13: =D14+D18+D22 -> 0 | E13: =E14+E18+E22 -> 0 | F13: =F14+F18+F22 -> 0 | G13: =G14+G18+G22 -> 0 | H13: =H14+H18+H22 -> 0 | I13: =I14+I18+I22 -> 0 | J13: =J14+J18+J22 -> 0 | ... CA13: =CA14+CA18+CA22 -> 8691.062 | CB13: =SUM(C13:BJ13)-CA13 -> 0.001
A14: итого | B14: 211 | C14: =C15 -> 3294.757 | D14: =D15 -> 0 | E14: =E15 -> 0 | F14: =F15 -> 0 | G14: =G15 -> 0 | H14: =H15 -> 0 | I14: =I15 -> 0 | J14: =J15 -> 0 | ... CA14: =CA15 -> 6627.9 | CB14: =SUM(C14:BJ14)-CA14 -> 0
A15: Заработная плата, в том числе | C15: =C16+C17 -> 3294.757 | D15: =D16+D17 -> 0 | E15: =E16+E17 -> 0 | F15: =F16+F17 -> 0 | G15: =G16+G17 -> 0 | H15: =H16+H17 -> 0 | I15: =I16+I17 -> 0 | J15: =J16+J17 -> 0 | ... CA15: =CA16+CA17 -> 6627.9 | CB15: =SUM(C15:BJ15)-CA15 -> 0
A16: работников , непосредственно принимающих участие в оказании услуги (педработники) | C16: =IFERROR(ROUND($BY16/$BY131*C131,3),0) -> 0 | D16: =IFERROR(ROUND($BY16/$BY131*D131,3),0) -> 0 | E16: =IFERROR(ROUND($BY16/$BY131*E131,3),0) -> 0 | F16: =IFERROR(ROUND($BY16/$BY131*F131,3),0) -> 0 | G16: =IFERROR(ROUND($BY16/$BY131*G131,3),0) -> 0 | H16: =IFERROR(ROUND($BY16/$BY131*H131,3),0) -> 0 | I16: =IFERROR(ROUND($BY16/$BY131*I131,3),0) -> 0 | J16: =IFERROR(ROUND($BY16/$BY131*J131,3),0) -> 0 | ... BD16: =IFERROR(ROUND($BY16/$BY131*BD131,3),0) -> 0 | BE16: =IFERROR(ROUND($BZ16/$BZ131*BE131,3),0) -> 0 | BF16: =IFERROR(ROUND($BZ16/$BZ131*BF131,3),0) -> 0 | BG16: =IFERROR(ROUND($BZ16/$BZ131*BG131,3),0) -> 0 | BH16: =IFERROR(ROUND($BZ16/$BZ131*BH131,3),0) -> 0 | BI16: =IFERROR(ROUND($BZ16/$BZ131*BI131,3),0) -> 0 | BJ16: =IFERROR(ROUND($BZ16/$BZ131*BJ131,3),0) -> 0 | BY16: =BK16+BM16+BO16+BQ16+BS16+BU16+BW16 -> 0 | BZ16: =BL16+BN16+BP16+BR16+BT16+BV16+BX16 -> 0 | CA16: =BY16+BZ16 -> 0 | CB16: =SUM(C16:BJ16)-CA16 -> 0
A17: остальных работников | C17: =IFERROR(ROUND($BY17/$BY131*C131,3),0) -> 3294.757 | D17: =IFERROR(ROUND($BY17/$BY131*D131,3),0) -> 0 | E17: =IFERROR(ROUND($BY17/$BY131*E131,3),0) -> 0 | F17: =IFERROR(ROUND($BY17/$BY131*F131,3),0) -> 0 | G17: =IFERROR(ROUND($BY17/$BY131*G131,3),0) -> 0 | H17: =IFERROR(ROUND($BY17/$BY131*H131,3),0) -> 0 | I17: =IFERROR(ROUND($BY17/$BY131*I131,3),0) -> 0 | J17: =IFERROR(ROUND($BY17/$BY131*J131,3),0) -> 0 | ... BD17: =IFERROR(ROUND($BY17/$BY131*BD131,3),0) -> 0 | BE17: =IFERROR(ROUND($BZ17/$BZ131*BE131,3),0) -> 0 | BF17: =IFERROR(ROUND($BZ17/$BZ131*BF131,3),0) -> 0 | BG17: =IFERROR(ROUND($BZ17/$BZ131*BG131,3),0) -> 0 | BH17: =IFERROR(ROUND($BZ17/$BZ131*BH131,3),0) -> 0 | BI17: =IFERROR(ROUND($BZ17/$BZ131*BI131,3),0) -> 0 | BJ17: =IFERROR(ROUND($BZ17/$BZ131*BJ131,3),0) -> 0 | BK17: 6627.9 | BY17: =BK17+BM17+BO17+BQ17+BS17+BU17+BW17 -> 6627.9 | BZ17: =BL17+BN17+BP17+BR17+BT17+BV17+BX17 -> 0 | CA17: =BY17+BZ17 -> 6627.9 | CB17: =SUM(C17:BJ17)-CA17 -> 0
A18: итого | B18: 212 | C18: =C19 -> 23.861 | D18: =D19 -> 0 | E18: =E19 -> 0 | F18: =F19 -> 0 | G18: =G19 -> 0 | H18: =H19 -> 0 | I18: =I19 -> 0 | J18: =J19 -> 0 | ... CA18: =CA19 -> 48 | CB18: =SUM(C18:BJ18)-CA18 -> 0
A19: компенсация за проезд, в том числе | B19: 212 | C19: =C20+C21 -> 23.861 | D19: =D20+D21 -> 0 | E19: =E20+E21 -> 0 | F19: =F20+F21 -> 0 | G19: =G20+G21 -> 0 | H19: =H20+H21 -> 0 | I19: =I20+I21 -> 0 | J19: =J20+J21 -> 0 | ... CA19: =CA20+CA21 -> 48 | CB19: =SUM(C19:BJ19)-CA19 -> 0
A20: работников , непосредственно принимающих участие в оказании услуги (педработники) | C20: =IFERROR(ROUND($BY20/$BY131*C131,3),0) -> 15.311 | D20: =IFERROR(ROUND($BY20/$BY131*D131,3),0) -> 0 | E20: =IFERROR(ROUND($BY20/$BY131*E131,3),0) -> 0 | F20: =IFERROR(ROUND($BY20/$BY131*F131,3),0) -> 0 | G20: =IFERROR(ROUND($BY20/$BY131*G131,3),0) -> 0 | H20: =IFERROR(ROUND($BY20/$BY131*H131,3),0) -> 0 | I20: =IFERROR(ROUND($BY20/$BY131*I131,3),0) -> 0 | J20: =IFERROR(ROUND($BY20/$BY131*J131,3),0) -> 0 | ... BD20: =IFERROR(ROUND($BY20/$BY131*BD131,3),0) -> 0 | BE20: =IFERROR(ROUND($BZ20/$BZ131*BE131,3),0) -> 0 | BF20: =IFERROR(ROUND($BZ20/$BZ131*BF131,3),0) -> 0 | BG20: =IFERROR(ROUND($BZ20/$BZ131*BG131,3),0) -> 0 | BH20: =IFERROR(ROUND($BZ20/$BZ131*BH131,3),0) -> 0 | BI20: =IFERROR(ROUND($BZ20/$BZ131*BI131,3),0) -> 0 | BJ20: =IFERROR(ROUND($BZ20/$BZ131*BJ131,3),0) -> 0 | BK20: 30.8 | BY20: =BK20+BM20+BO20+BQ20+BS20+BU20+BW20 -> 30.8 | BZ20: =BL20+BN20+BP20+BR20+BT20+BV20+BX20 -> 0 | CA20: =BY20+BZ20 -> 30.8 | CB20: =SUM(C20:BJ20)-CA20 -> 0
A21: остальных работников | C21: =IFERROR(ROUND($BY21/$BY131*C131,3),0) -> 8.55 | D21: =IFERROR(ROUND($BY21/$BY131*D131,3),0) -> 0 | E21: =IFERROR(ROUND($BY21/$BY131*E131,3),0) -> 0 | F21: =IFERROR(ROUND($BY21/$BY131*F131,3),0) -> 0 | G21: =IFERROR(ROUND($BY21/$BY131*G131,3),0) -> 0 | H21: =IFERROR(ROUND($BY21/$BY131*H131,3),0) -> 0 | I21: =IFERROR(ROUND($BY21/$BY131*I131,3),0) -> 0 | J21: =IFERROR(ROUND($BY21/$BY131*J131,3),0) -> 0 | ... BD21: =IFERROR(ROUND($BY21/$BY131*BD131,3),0) -> 0 | BE21: =IFERROR(ROUND($BZ21/$BZ131*BE131,3),0) -> 0 | BF21: =IFERROR(ROUND($BZ21/$BZ131*BF131,3),0) -> 0 | BG21: =IFERROR(ROUND($BZ21/$BZ131*BG131,3),0) -> 0 | BH21: =IFERROR(ROUND($BZ21/$BZ131*BH131,3),0) -> 0 | BI21: =IFERROR(ROUND($BZ21/$BZ131*BI131,3),0) -> 0 | BJ21: =IFERROR(ROUND($BZ21/$BZ131*BJ131,3),0) -> 0 | BK21: 17.2 | BY21: =BK21+BM21+BO21+BQ21+BS21+BU21+BW21 -> 17.2 | BZ21: =BL21+BN21+BP21+BR21+BT21+BV21+BX21 -> 0 | CA21: =BY21+BZ21 -> 17.2 | CB21: =SUM(C21:BJ21)-CA21 -> 0
A22: итого, в том числе | B22: 213 | C22: =C23+C26 -> 1001.746 | D22: =D23+D26 -> 0 | E22: =E23+E26 -> 0 | F22: =F23+F26 -> 0 | G22: =G23+G26 -> 0 | H22: =H23+H26 -> 0 | I22: =I23+I26 -> 0 | J22: =J23+J26 -> 0 | ... CA22: =CA23+CA26 -> 2015.162 | CB22: =SUM(C22:BJ22)-CA22 -> 0.001
A23: начисления на зарплату, в том числе | C23: =C24+C25 -> 994.538 | D23: =D24+D25 -> 0 | E23: =E24+E25 -> 0 | F23: =F24+F25 -> 0 | G23: =G24+G25 -> 0 | H23: =H24+H25 -> 0 | I23: =I24+I25 -> 0 | J23: =J24+J25 -> 0 | ... CA23: =CA24+CA25 -> 2000.662 | CB23: =SUM(C23:BJ23)-CA23 -> 0.001
A24: работников , непосредственно принимающих участие в оказании услуги (педработники) | C24: =IFERROR(ROUND($BY24/$BY131*C131,3),0) -> 0 | D24: =IFERROR(ROUND($BY24/$BY131*D131,3),0) -> 0 | E24: =IFERROR(ROUND($BY24/$BY131*E131,3),0) -> 0 | F24: =IFERROR(ROUND($BY24/$BY131*F131,3),0) -> 0 | G24: =IFERROR(ROUND($BY24/$BY131*G131,3),0) -> 0 | H24: =IFERROR(ROUND($BY24/$BY131*H131,3),0) -> 0 | I24: =IFERROR(ROUND($BY24/$BY131*I131,3),0) -> 0 | J24: =IFERROR(ROUND($BY24/$BY131*J131,3),0) -> 0 | ... BD24: =IFERROR(ROUND($BY24/$BY131*BD131,3),0) -> 0 | BE24: =IFERROR(ROUND($BZ24/$BZ131*BE131,3),0) -> 0 | BF24: =IFERROR(ROUND($BZ24/$BZ131*BF131,3),0) -> 0 | BG24: =IFERROR(ROUND($BZ24/$BZ131*BG131,3),0) -> 0 | BH24: =IFERROR(ROUND($BZ24/$BZ131*BH131,3),0) -> 0 | BI24: =IFERROR(ROUND($BZ24/$BZ131*BI131,3),0) -> 0 | BJ24: =IFERROR(ROUND($BZ24/$BZ131*BJ131,3),0) -> 0 | BY24: =BK24+BM24+BO24+BQ24+BS24+BU24+BW24 -> 0 | BZ24: =BL24+BN24+BP24+BR24+BT24+BV24+BX24 -> 0 | CA24: =BY24+BZ24 -> 0 | CB24: =SUM(C24:BJ24)-CA24 -> 0
A25: остальных работников | C25: =IFERROR(ROUND($BY25/$BY131*C131,3),0) -> 994.538 | D25: =IFERROR(ROUND($BY25/$BY131*D131,3),0) -> 0 | E25: =IFERROR(ROUND($BY25/$BY131*E131,3),0) -> 0 | F25: =IFERROR(ROUND($BY25/$BY131*F131,3),0) -> 0 | G25: =IFERROR(ROUND($BY25/$BY131*G131,3),0) -> 0 | H25: =IFERROR(ROUND($BY25/$BY131*H131,3),0) -> 0 | I25: =IFERROR(ROUND($BY25/$BY131*I131,3),0) -> 0 | J25: =IFERROR(ROUND($BY25/$BY131*J131,3),0) -> 0 | ... BD25: =IFERROR(ROUND($BY25/$BY131*BD131,3),0) -> 0 | BE25: =IFERROR(ROUND($BZ25/$BZ131*BE131,3),0) -> 0 | BF25: =IFERROR(ROUND($BZ25/$BZ131*BF131,3),0) -> 0 | BG25: =IFERROR(ROUND($BZ25/$BZ131*BG131,3),0) -> 0 | BH25: =IFERROR(ROUND($BZ25/$BZ131*BH131,3),0) -> 0 | BI25: =IFERROR(ROUND($BZ25/$BZ131*BI131,3),0) -> 0 | BJ25: =IFERROR(ROUND($BZ25/$BZ131*BJ131,3),0) -> 0 | BK25: 2000.662 | BY25: =BK25+BM25+BO25+BQ25+BS25+BU25+BW25 -> 2000.662 | BZ25: =BL25+BN25+BP25+BR25+BT25+BV25+BX25 -> 0 | CA25: =BY25+BZ25 -> 2000.662 | CB25: =SUM(C25:BJ25)-CA25 -> 0.001
A26: начисления на проездные | C26: =C27+C28 -> 7.208 | D26: =D27+D28 -> 0 | E26: =E27+E28 -> 0 | F26: =F27+F28 -> 0 | G26: =G27+G28 -> 0 | H26: =H27+H28 -> 0 | I26: =I27+I28 -> 0 | J26: =J27+J28 -> 0 | ... CA26: =CA27+CA28 -> 14.5 | CB26: =SUM(C26:BJ26)-CA26 -> 0
A27: работников , непосредственно принимающих участие в оказании услуги (педработники) | C27: =IFERROR(ROUND($BY27/$BY131*C131,3),0) -> 4.623 | D27: =IFERROR(ROUND($BY27/$BY131*D131,3),0) -> 0 | E27: =IFERROR(ROUND($BY27/$BY131*E131,3),0) -> 0 | F27: =IFERROR(ROUND($BY27/$BY131*F131,3),0) -> 0 | G27: =IFERROR(ROUND($BY27/$BY131*G131,3),0) -> 0 | H27: =IFERROR(ROUND($BY27/$BY131*H131,3),0) -> 0 | I27: =IFERROR(ROUND($BY27/$BY131*I131,3),0) -> 0 | J27: =IFERROR(ROUND($BY27/$BY131*J131,3),0) -> 0 | ... BD27: =IFERROR(ROUND($BY27/$BY131*BD131,3),0) -> 0 | BE27: =IFERROR(ROUND($BZ27/$BZ131*BE131,3),0) -> 0 | BF27: =IFERROR(ROUND($BZ27/$BZ131*BF131,3),0) -> 0 | BG27: =IFERROR(ROUND($BZ27/$BZ131*BG131,3),0) -> 0 | BH27: =IFERROR(ROUND($BZ27/$BZ131*BH131,3),0) -> 0 | BI27: =IFERROR(ROUND($BZ27/$BZ131*BI131,3),0) -> 0 | BJ27: =IFERROR(ROUND($BZ27/$BZ131*BJ131,3),0) -> 0 | BK27: 9.3 | BY27: =BK27+BM27+BO27+BQ27+BS27+BU27+BW27 -> 9.3 | BZ27: =BL27+BN27+BP27+BR27+BT27+BV27+BX27 -> 0 | CA27: =BY27+BZ27 -> 9.3 | CB27: =SUM(C27:BJ27)-CA27 -> 0
A28: остальных работников | C28: =IFERROR(ROUND($BY28/$BY131*C131,3),0) -> 2.585 | D28: =IFERROR(ROUND($BY28/$BY131*D131,3),0) -> 0 | E28: =IFERROR(ROUND($BY28/$BY131*E131,3),0) -> 0 | F28: =IFERROR(ROUND($BY28/$BY131*F131,3),0) -> 0 | G28: =IFERROR(ROUND($BY28/$BY131*G131,3),0) -> 0 | H28: =IFERROR(ROUND($BY28/$BY131*H131,3),0) -> 0 | I28: =IFERROR(ROUND($BY28/$BY131*I131,3),0) -> 0 | J28: =IFERROR(ROUND($BY28/$BY131*J131,3),0) -> 0 | ... BD28: =IFERROR(ROUND($BY28/$BY131*BD131,3),0) -> 0 | BE28: =IFERROR(ROUND($BZ28/$BZ131*BE131,3),0) -> 0 | BF28: =IFERROR(ROUND($BZ28/$BZ131*BF131,3),0) -> 0 | BG28: =IFERROR(ROUND($BZ28/$BZ131*BG131,3),0) -> 0 | BH28: =IFERROR(ROUND($BZ28/$BZ131*BH131,3),0) -> 0 | BI28: =IFERROR(ROUND($BZ28/$BZ131*BI131,3),0) -> 0 | BJ28: =IFERROR(ROUND($BZ28/$BZ131*BJ131,3),0) -> 0 | BK28: 5.2 | BY28: =BK28+BM28+BO28+BQ28+BS28+BU28+BW28 -> 5.2 | BZ28: =BL28+BN28+BP28+BR28+BT28+BV28+BX28 -> 0 | CA28: =BY28+BZ28 -> 5.2 | CB28: =SUM(C28:BJ28)-CA28 -> 0
A29: пособие до 3-х лет (раздел 10 04) | B29: 266 | C29: =IFERROR(ROUND($BY29/$BY131*C131,3),0) -> 0.466 | D29: =IFERROR(ROUND($BY29/$BY131*D131,3),0) -> 0 | E29: =IFERROR(ROUND($BY29/$BY131*E131,3),0) -> 0 | F29: =IFERROR(ROUND($BY29/$BY131*F131,3),0) -> 0 | G29: =IFERROR(ROUND($BY29/$BY131*G131,3),0) -> 0 | H29: =IFERROR(ROUND($BY29/$BY131*H131,3),0) -> 0 | I29: =IFERROR(ROUND($BY29/$BY131*I131,3),0) -> 0 | J29: =IFERROR(ROUND($BY29/$BY131*J131,3),0) -> 0 | ... BD29: =IFERROR(ROUND($BY29/$BY131*BD131,3),0) -> 0 | BE29: =IFERROR(ROUND($BZ29/$BZ131*BE131,3),0) -> 0 | BF29: =IFERROR(ROUND($BZ29/$BZ131*BF131,3),0) -> 0 | BG29: =IFERROR(ROUND($BZ29/$BZ131*BG131,3),0) -> 0 | BH29: =IFERROR(ROUND($BZ29/$BZ131*BH131,3),0) -> 0 | BI29: =IFERROR(ROUND($BZ29/$BZ131*BI131,3),0) -> 0 | BJ29: =IFERROR(ROUND($BZ29/$BZ131*BJ131,3),0) -> 0 | BK29: 0.937 | BY29: =BK29+BM29+BO29+BQ29+BS29+BU29+BW29 -> 0.937 | BZ29: =BL29+BN29+BP29+BR29+BT29+BV29+BX29 -> 0 | CA29: =BY29+BZ29 -> 0.937 | CB29: =SUM(C29:BJ29)-CA29 -> 0
A30: Итого | B30: 220 | C30: =C31+C35+C38+C49+C50+C81+C96 -> 1662.466 | D30: =D31+D35+D38+D49+D50+D81+D96 -> 0 | E30: =E31+E35+E38+E49+E50+E81+E96 -> 0 | F30: =F31+F35+F38+F49+F50+F81+F96 -> 0 | G30: =G31+G35+G38+G49+G50+G81+G96 -> 0 | H30: =H31+H35+H38+H49+H50+H81+H96 -> 0 | I30: =I31+I35+I38+I49+I50+I81+I96 -> 0 | J30: =J31+J35+J38+J49+J50+J81+J96 -> 0 | ... CA30: =CA31+CA35+CA38+CA49+CA50+CA81+CA96 -> 3344.3 | CB30: =SUM(C30:BJ30)-CA30 -> 0.003
A31: Связь всего | B31: 221 | C31: =C32+C33+C34 -> 15.361 | D31: =D32+D33+D34 -> 0 | E31: =E32+E33+E34 -> 0 | F31: =F32+F33+F34 -> 0 | G31: =G32+G33+G34 -> 0 | H31: =H32+H33+H34 -> 0 | I31: =I32+I33+I34 -> 0 | J31: =J32+J33+J34 -> 0 | ... CA31: =CA32+CA33+CA34 -> 30.9 | CB31: =SUM(C31:BJ31)-CA31 -> 0.001
A32: абонентная плата | C32: =IFERROR(ROUND($BY32/$BY131*C131,3),0) -> 15.361 | D32: =IFERROR(ROUND($BY32/$BY131*D131,3),0) -> 0 | E32: =IFERROR(ROUND($BY32/$BY131*E131,3),0) -> 0 | F32: =IFERROR(ROUND($BY32/$BY131*F131,3),0) -> 0 | G32: =IFERROR(ROUND($BY32/$BY131*G131,3),0) -> 0 | H32: =IFERROR(ROUND($BY32/$BY131*H131,3),0) -> 0 | I32: =IFERROR(ROUND($BY32/$BY131*I131,3),0) -> 0 | J32: =IFERROR(ROUND($BY32/$BY131*J131,3),0) -> 0 | ... BD32: =IFERROR(ROUND($BY32/$BY131*BD131,3),0) -> 0 | BE32: =IFERROR(ROUND($BZ32/$BZ131*BE131,3),0) -> 0 | BF32: =IFERROR(ROUND($BZ32/$BZ131*BF131,3),0) -> 0 | BG32: =IFERROR(ROUND($BZ32/$BZ131*BG131,3),0) -> 0 | BH32: =IFERROR(ROUND($BZ32/$BZ131*BH131,3),0) -> 0 | BI32: =IFERROR(ROUND($BZ32/$BZ131*BI131,3),0) -> 0 | BJ32: =IFERROR(ROUND($BZ32/$BZ131*BJ131,3),0) -> 0 | BK32: 30.9 | BY32: =BK32+BM32+BO32+BQ32+BS32+BU32+BW32 -> 30.9 | BZ32: =BL32+BN32+BP32+BR32+BT32+BV32+BX32 -> 0 | CA32: =BY32+BZ32 -> 30.9 | CB32: =SUM(C32:BJ32)-CA32 -> 0.001
A33: электронный документооборот ИФНС | C33: =IFERROR(ROUND($BY33/$BY131*C131,3),0) -> 0 | D33: =IFERROR(ROUND($BY33/$BY131*D131,3),0) -> 0 | E33: =IFERROR(ROUND($BY33/$BY131*E131,3),0) -> 0 | F33: =IFERROR(ROUND($BY33/$BY131*F131,3),0) -> 0 | G33: =IFERROR(ROUND($BY33/$BY131*G131,3),0) -> 0 | H33: =IFERROR(ROUND($BY33/$BY131*H131,3),0) -> 0 | I33: =IFERROR(ROUND($BY33/$BY131*I131,3),0) -> 0 | J33: =IFERROR(ROUND($BY33/$BY131*J131,3),0) -> 0 | ... BD33: =IFERROR(ROUND($BY33/$BY131*BD131,3),0) -> 0 | BE33: =IFERROR(ROUND($BZ33/$BZ131*BE131,3),0) -> 0 | BF33: =IFERROR(ROUND($BZ33/$BZ131*BF131,3),0) -> 0 | BG33: =IFERROR(ROUND($BZ33/$BZ131*BG131,3),0) -> 0 | BH33: =IFERROR(ROUND($BZ33/$BZ131*BH131,3),0) -> 0 | BI33: =IFERROR(ROUND($BZ33/$BZ131*BI131,3),0) -> 0 | BJ33: =IFERROR(ROUND($BZ33/$BZ131*BJ131,3),0) -> 0 | BY33: =BK33+BM33+BO33+BQ33+BS33+BU33+BW33 -> 0 | BZ33: =BL33+BN33+BP33+BR33+BT33+BV33+BX33 -> 0 | CA33: =BY33+BZ33 -> 0 | CB33: =SUM(C33:BJ33)-CA33 -> 0
A34: интернет | C34: =IFERROR(ROUND($BY34/$BY131*C131,3),0) -> 0 | D34: =IFERROR(ROUND($BY34/$BY131*D131,3),0) -> 0 | E34: =IFERROR(ROUND($BY34/$BY131*E131,3),0) -> 0 | F34: =IFERROR(ROUND($BY34/$BY131*F131,3),0) -> 0 | G34: =IFERROR(ROUND($BY34/$BY131*G131,3),0) -> 0 | H34: =IFERROR(ROUND($BY34/$BY131*H131,3),0) -> 0 | I34: =IFERROR(ROUND($BY34/$BY131*I131,3),0) -> 0 | J34: =IFERROR(ROUND($BY34/$BY131*J131,3),0) -> 0 | ... BD34: =IFERROR(ROUND($BY34/$BY131*BD131,3),0) -> 0 | BE34: =IFERROR(ROUND($BZ34/$BZ131*BE131,3),0) -> 0 | BF34: =IFERROR(ROUND($BZ34/$BZ131*BF131,3),0) -> 0 | BG34: =IFERROR(ROUND($BZ34/$BZ131*BG131,3),0) -> 0 | BH34: =IFERROR(ROUND($BZ34/$BZ131*BH131,3),0) -> 0 | BI34: =IFERROR(ROUND($BZ34/$BZ131*BI131,3),0) -> 0 | BJ34: =IFERROR(ROUND($BZ34/$BZ131*BJ131,3),0) -> 0 | BY34: =BK34+BM34+BO34+BQ34+BS34+BU34+BW34 -> 0 | BZ34: =BL34+BN34+BP34+BR34+BT34+BV34+BX34 -> 0 | CA34: =BY34+BZ34 -> 0 | CB34: =SUM(C34:BJ34)-CA34 -> 0
A35: Трансп. Услуги | B35: 222 | C35: =SUM(C36:C37) -> 0 | D35: =SUM(D36:D37) -> 0 | E35: =SUM(E36:E37) -> 0 | F35: =SUM(F36:F37) -> 0 | G35: =SUM(G36:G37) -> 0 | H35: =SUM(H36:H37) -> 0 | I35: =SUM(I36:I37) -> 0 | J35: =SUM(J36:J37) -> 0 | ... CA35: =SUM(CA36:CA37) -> 0 | CB35: =SUM(C35:BJ35)-CA35 -> 0
A36: наем транспорта для вывоза мусора на субботники | C36: =IFERROR(ROUND($BY36/$BY131*C131,3),0) -> 0 | D36: =IFERROR(ROUND($BY36/$BY131*D131,3),0) -> 0 | E36: =IFERROR(ROUND($BY36/$BY131*E131,3),0) -> 0 | F36: =IFERROR(ROUND($BY36/$BY131*F131,3),0) -> 0 | G36: =IFERROR(ROUND($BY36/$BY131*G131,3),0) -> 0 | H36: =IFERROR(ROUND($BY36/$BY131*H131,3),0) -> 0 | I36: =IFERROR(ROUND($BY36/$BY131*I131,3),0) -> 0 | J36: =IFERROR(ROUND($BY36/$BY131*J131,3),0) -> 0 | ... BD36: =IFERROR(ROUND($BY36/$BY131*BD131,3),0) -> 0 | BE36: =IFERROR(ROUND($BZ36/$BZ131*BE131,3),0) -> 0 | BF36: =IFERROR(ROUND($BZ36/$BZ131*BF131,3),0) -> 0 | BG36: =IFERROR(ROUND($BZ36/$BZ131*BG131,3),0) -> 0 | BH36: =IFERROR(ROUND($BZ36/$BZ131*BH131,3),0) -> 0 | BI36: =IFERROR(ROUND($BZ36/$BZ131*BI131,3),0) -> 0 | BJ36: =IFERROR(ROUND($BZ36/$BZ131*BJ131,3),0) -> 0 | BY36: =BK36+BM36+BO36+BQ36+BS36+BU36+BW36 -> 0 | BZ36: =BL36+BN36+BP36+BR36+BT36+BV36+BX36 -> 0 | CA36: =BY36+BZ36 -> 0 | CB36: =SUM(C36:BJ36)-CA36 -> 0
A37: прочее | C37: =IFERROR(ROUND($BY37/$BY131*C131,3),0) -> 0 | D37: =IFERROR(ROUND($BY37/$BY131*D131,3),0) -> 0 | E37: =IFERROR(ROUND($BY37/$BY131*E131,3),0) -> 0 | F37: =IFERROR(ROUND($BY37/$BY131*F131,3),0) -> 0 | G37: =IFERROR(ROUND($BY37/$BY131*G131,3),0) -> 0 | H37: =IFERROR(ROUND($BY37/$BY131*H131,3),0) -> 0 | I37: =IFERROR(ROUND($BY37/$BY131*I131,3),0) -> 0 | J37: =IFERROR(ROUND($BY37/$BY131*J131,3),0) -> 0 | ... BD37: =IFERROR(ROUND($BY37/$BY131*BD131,3),0) -> 0 | BE37: =IFERROR(ROUND($BZ37/$BZ131*BE131,3),0) -> 0 | BF37: =IFERROR(ROUND($BZ37/$BZ131*BF131,3),0) -> 0 | BG37: =IFERROR(ROUND($BZ37/$BZ131*BG131,3),0) -> 0 | BH37: =IFERROR(ROUND($BZ37/$BZ131*BH131,3),0) -> 0 | BI37: =IFERROR(ROUND($BZ37/$BZ131*BI131,3),0) -> 0 | BJ37: =IFERROR(ROUND($BZ37/$BZ131*BJ131,3),0) -> 0 | BY37: =BK37+BM37+BO37+BQ37+BS37+BU37+BW37 -> 0 | BZ37: =BL37+BN37+BP37+BR37+BT37+BV37+BX37 -> 0 | CA37: =BY37+BZ37 -> 0 | CB37: =SUM(C37:BJ37)-CA37 -> 0
A38: Итого | B38: 223 | C38: =C39+C44+C47+C48 -> 718.415 | D38: =D39+D44+D47+D48 -> 0 | E38: =E39+E44+E47+E48 -> 0 | F38: =F39+F44+F47+F48 -> 0 | G38: =G39+G44+G47+G48 -> 0 | H38: =H39+H44+H47+H48 -> 0 | I38: =I39+I44+I47+I48 -> 0 | J38: =J39+J44+J47+J48 -> 0 | ... CA38: =CA39+CA44+CA47+CA48 -> 1445.2 | CB38: =SUM(C38:BJ38)-CA38 -> 0.002
A39: тепло, в том числе | B39: 223 | C39: =C40+C41 -> 330.724 | D39: =D40+D41 -> 0 | E39: =E40+E41 -> 0 | F39: =F40+F41 -> 0 | G39: =G40+G41 -> 0 | H39: =H40+H41 -> 0 | I39: =I40+I41 -> 0 | J39: =J40+J41 -> 0 | ... CA39: =CA40+CA41 -> 665.3 | CB39: =SUM(C39:BJ39)-CA39 -> 0.002
A40: ГВС | C40: =IFERROR(ROUND($BY40/$BY131*C131,3),0) -> 55.676 | D40: =IFERROR(ROUND($BY40/$BY131*D131,3),0) -> 0 | E40: =IFERROR(ROUND($BY40/$BY131*E131,3),0) -> 0 | F40: =IFERROR(ROUND($BY40/$BY131*F131,3),0) -> 0 | G40: =IFERROR(ROUND($BY40/$BY131*G131,3),0) -> 0 | H40: =IFERROR(ROUND($BY40/$BY131*H131,3),0) -> 0 | I40: =IFERROR(ROUND($BY40/$BY131*I131,3),0) -> 0 | J40: =IFERROR(ROUND($BY40/$BY131*J131,3),0) -> 0 | ... BD40: =IFERROR(ROUND($BY40/$BY131*BD131,3),0) -> 0 | BE40: =IFERROR(ROUND($BZ40/$BZ131*BE131,3),0) -> 0 | BF40: =IFERROR(ROUND($BZ40/$BZ131*BF131,3),0) -> 0 | BG40: =IFERROR(ROUND($BZ40/$BZ131*BG131,3),0) -> 0 | BH40: =IFERROR(ROUND($BZ40/$BZ131*BH131,3),0) -> 0 | BI40: =IFERROR(ROUND($BZ40/$BZ131*BI131,3),0) -> 0 | BJ40: =IFERROR(ROUND($BZ40/$BZ131*BJ131,3),0) -> 0 | BK40: 112 | BY40: =BK40+BM40+BO40+BQ40+BS40+BU40+BW40 -> 112 | BZ40: =BL40+BN40+BP40+BR40+BT40+BV40+BX40 -> 0 | CA40: =BY40+BZ40 -> 112 | CB40: =SUM(C40:BJ40)-CA40 -> 0
A41: тепло, в том числе | C41: =C42+C43 -> 275.048 | D41: =D42+D43 -> 0 | E41: =E42+E43 -> 0 | F41: =F42+F43 -> 0 | G41: =G42+G43 -> 0 | H41: =H42+H43 -> 0 | I41: =I42+I43 -> 0 | J41: =J42+J43 -> 0 | ... CA41: =CA42+CA43 -> 553.3 | CB41: =SUM(C41:BJ41)-CA41 -> 0.002
A42: 0.5 | C42: =IFERROR(ROUND($BY42/$BY131*C131,3),0) -> 137.549 | D42: =IFERROR(ROUND($BY42/$BY131*D131,3),0) -> 0 | E42: =IFERROR(ROUND($BY42/$BY131*E131,3),0) -> 0 | F42: =IFERROR(ROUND($BY42/$BY131*F131,3),0) -> 0 | G42: =IFERROR(ROUND($BY42/$BY131*G131,3),0) -> 0 | H42: =IFERROR(ROUND($BY42/$BY131*H131,3),0) -> 0 | I42: =IFERROR(ROUND($BY42/$BY131*I131,3),0) -> 0 | J42: =IFERROR(ROUND($BY42/$BY131*J131,3),0) -> 0 | ... BD42: =IFERROR(ROUND($BY42/$BY131*BD131,3),0) -> 0 | BE42: =IFERROR(ROUND($BZ42/$BZ131*BE131,3),0) -> 0 | BF42: =IFERROR(ROUND($BZ42/$BZ131*BF131,3),0) -> 0 | BG42: =IFERROR(ROUND($BZ42/$BZ131*BG131,3),0) -> 0 | BH42: =IFERROR(ROUND($BZ42/$BZ131*BH131,3),0) -> 0 | BI42: =IFERROR(ROUND($BZ42/$BZ131*BI131,3),0) -> 0 | BJ42: =IFERROR(ROUND($BZ42/$BZ131*BJ131,3),0) -> 0 | BK42: 276.7 | BY42: =BK42+BM42+BO42+BQ42+BS42+BU42+BW42 -> 276.7 | BZ42: =BL42+BN42+BP42+BR42+BT42+BV42+BX42 -> 0 | CA42: =BY42+BZ42 -> 276.7 | CB42: =SUM(C42:BJ42)-CA42 -> 0.001
A43: 0.5 | C43: =IFERROR(ROUND($BY43/$BY131*C131,3),0) -> 137.499 | D43: =IFERROR(ROUND($BY43/$BY131*D131,3),0) -> 0 | E43: =IFERROR(ROUND($BY43/$BY131*E131,3),0) -> 0 | F43: =IFERROR(ROUND($BY43/$BY131*F131,3),0) -> 0 | G43: =IFERROR(ROUND($BY43/$BY131*G131,3),0) -> 0 | H43: =IFERROR(ROUND($BY43/$BY131*H131,3),0) -> 0 | I43: =IFERROR(ROUND($BY43/$BY131*I131,3),0) -> 0 | J43: =IFERROR(ROUND($BY43/$BY131*J131,3),0) -> 0 | ... BD43: =IFERROR(ROUND($BY43/$BY131*BD131,3),0) -> 0 | BE43: =IFERROR(ROUND($BZ43/$BZ131*BE131,3),0) -> 0 | BF43: =IFERROR(ROUND($BZ43/$BZ131*BF131,3),0) -> 0 | BG43: =IFERROR(ROUND($BZ43/$BZ131*BG131,3),0) -> 0 | BH43: =IFERROR(ROUND($BZ43/$BZ131*BH131,3),0) -> 0 | BI43: =IFERROR(ROUND($BZ43/$BZ131*BI131,3),0) -> 0 | BJ43: =IFERROR(ROUND($BZ43/$BZ131*BJ131,3),0) -> 0 | BK43: 276.6 | BY43: =BK43+BM43+BO43+BQ43+BS43+BU43+BW43 -> 276.6 | BZ43: =BL43+BN43+BP43+BR43+BT43+BV43+BX43 -> 0 | CA43: =BY43+BZ43 -> 276.6 | CB43: =SUM(C43:BJ43)-CA43 -> 0.001
A44: Электроэнергия, втом числе | B44: 223 | C44: =C45+C46 -> 277.682 | D44: =D45+D46 -> 0 | E44: =E45+E46 -> 0 | F44: =F45+F46 -> 0 | G44: =G45+G46 -> 0 | H44: =H45+H46 -> 0 | I44: =I45+I46 -> 0 | J44: =J45+J46 -> 0 | ... CA44: =CA45+CA46 -> 558.6 | CB44: =SUM(C44:BJ44)-CA44 -> 0
A45: 0.9 | C45: =IFERROR(ROUND($BY45/$BY131*C131,3),0) -> 249.894 | D45: =IFERROR(ROUND($BY45/$BY131*D131,3),0) -> 0 | E45: =IFERROR(ROUND($BY45/$BY131*E131,3),0) -> 0 | F45: =IFERROR(ROUND($BY45/$BY131*F131,3),0) -> 0 | G45: =IFERROR(ROUND($BY45/$BY131*G131,3),0) -> 0 | H45: =IFERROR(ROUND($BY45/$BY131*H131,3),0) -> 0 | I45: =IFERROR(ROUND($BY45/$BY131*I131,3),0) -> 0 | J45: =IFERROR(ROUND($BY45/$BY131*J131,3),0) -> 0 | ... BD45: =IFERROR(ROUND($BY45/$BY131*BD131,3),0) -> 0 | BE45: =IFERROR(ROUND($BZ45/$BZ131*BE131,3),0) -> 0 | BF45: =IFERROR(ROUND($BZ45/$BZ131*BF131,3),0) -> 0 | BG45: =IFERROR(ROUND($BZ45/$BZ131*BG131,3),0) -> 0 | BH45: =IFERROR(ROUND($BZ45/$BZ131*BH131,3),0) -> 0 | BI45: =IFERROR(ROUND($BZ45/$BZ131*BI131,3),0) -> 0 | BJ45: =IFERROR(ROUND($BZ45/$BZ131*BJ131,3),0) -> 0 | BK45: 502.7 | BY45: =BK45+BM45+BO45+BQ45+BS45+BU45+BW45 -> 502.7 | BZ45: =BL45+BN45+BP45+BR45+BT45+BV45+BX45 -> 0 | CA45: =BY45+BZ45 -> 502.7 | CB45: =SUM(C45:BJ45)-CA45 -> 0
A46: 0.1 | C46: =IFERROR(ROUND($BY46/$BY131*C131,3),0) -> 27.788 | D46: =IFERROR(ROUND($BY46/$BY131*D131,3),0) -> 0 | E46: =IFERROR(ROUND($BY46/$BY131*E131,3),0) -> 0 | F46: =IFERROR(ROUND($BY46/$BY131*F131,3),0) -> 0 | G46: =IFERROR(ROUND($BY46/$BY131*G131,3),0) -> 0 | H46: =IFERROR(ROUND($BY46/$BY131*H131,3),0) -> 0 | I46: =IFERROR(ROUND($BY46/$BY131*I131,3),0) -> 0 | J46: =IFERROR(ROUND($BY46/$BY131*J131,3),0) -> 0 | ... BD46: =IFERROR(ROUND($BY46/$BY131*BD131,3),0) -> 0 | BE46: =IFERROR(ROUND($BZ46/$BZ131*BE131,3),0) -> 0 | BF46: =IFERROR(ROUND($BZ46/$BZ131*BF131,3),0) -> 0 | BG46: =IFERROR(ROUND($BZ46/$BZ131*BG131,3),0) -> 0 | BH46: =IFERROR(ROUND($BZ46/$BZ131*BH131,3),0) -> 0 | BI46: =IFERROR(ROUND($BZ46/$BZ131*BI131,3),0) -> 0 | BJ46: =IFERROR(ROUND($BZ46/$BZ131*BJ131,3),0) -> 0 | BK46: 55.9 | BY46: =BK46+BM46+BO46+BQ46+BS46+BU46+BW46 -> 55.9 | BZ46: =BL46+BN46+BP46+BR46+BT46+BV46+BX46 -> 0 | CA46: =BY46+BZ46 -> 55.9 | CB46: =SUM(C46:BJ46)-CA46 -> 0
A47: Хол. Вода | B47: 223 | C47: =IFERROR(ROUND($BY47/$BY131*C131,3),0) -> 87.54 | D47: =IFERROR(ROUND($BY47/$BY131*D131,3),0) -> 0 | E47: =IFERROR(ROUND($BY47/$BY131*E131,3),0) -> 0 | F47: =IFERROR(ROUND($BY47/$BY131*F131,3),0) -> 0 | G47: =IFERROR(ROUND($BY47/$BY131*G131,3),0) -> 0 | H47: =IFERROR(ROUND($BY47/$BY131*H131,3),0) -> 0 | I47: =IFERROR(ROUND($BY47/$BY131*I131,3),0) -> 0 | J47: =IFERROR(ROUND($BY47/$BY131*J131,3),0) -> 0 | ... BD47: =IFERROR(ROUND($BY47/$BY131*BD131,3),0) -> 0 | BE47: =IFERROR(ROUND($BZ47/$BZ131*BE131,3),0) -> 0 | BF47: =IFERROR(ROUND($BZ47/$BZ131*BF131,3),0) -> 0 | BG47: =IFERROR(ROUND($BZ47/$BZ131*BG131,3),0) -> 0 | BH47: =IFERROR(ROUND($BZ47/$BZ131*BH131,3),0) -> 0 | BI47: =IFERROR(ROUND($BZ47/$BZ131*BI131,3),0) -> 0 | BJ47: =IFERROR(ROUND($BZ47/$BZ131*BJ131,3),0) -> 0 | BK47: 176.1 | BY47: =BK47+BM47+BO47+BQ47+BS47+BU47+BW47 -> 176.1 | BZ47: =BL47+BN47+BP47+BR47+BT47+BV47+BX47 -> 0 | CA47: =BY47+BZ47 -> 176.1 | CB47: =SUM(C47:BJ47)-CA47 -> 0
A48: Вывоз ТБО | B48: 223 | C48: =IFERROR(ROUND($BY48/$BY131*C131,3),0) -> 22.469 | D48: =IFERROR(ROUND($BY48/$BY131*D131,3),0) -> 0 | E48: =IFERROR(ROUND($BY48/$BY131*E131,3),0) -> 0 | F48: =IFERROR(ROUND($BY48/$BY131*F131,3),0) -> 0 | G48: =IFERROR(ROUND($BY48/$BY131*G131,3),0) -> 0 | H48: =IFERROR(ROUND($BY48/$BY131*H131,3),0) -> 0 | I48: =IFERROR(ROUND($BY48/$BY131*I131,3),0) -> 0 | J48: =IFERROR(ROUND($BY48/$BY131*J131,3),0) -> 0 | ... BD48: =IFERROR(ROUND($BY48/$BY131*BD131,3),0) -> 0 | BE48: =IFERROR(ROUND($BZ48/$BZ131*BE131,3),0) -> 0 | BF48: =IFERROR(ROUND($BZ48/$BZ131*BF131,3),0) -> 0 | BG48: =IFERROR(ROUND($BZ48/$BZ131*BG131,3),0) -> 0 | BH48: =IFERROR(ROUND($BZ48/$BZ131*BH131,3),0) -> 0 | BI48: =IFERROR(ROUND($BZ48/$BZ131*BI131,3),0) -> 0 | BJ48: =IFERROR(ROUND($BZ48/$BZ131*BJ131,3),0) -> 0 | BK48: 45.2 | BY48: =BK48+BM48+BO48+BQ48+BS48+BU48+BW48 -> 45.2 | BZ48: =BL48+BN48+BP48+BR48+BT48+BV48+BX48 -> 0 | CA48: =BY48+BZ48 -> 45.2 | CB48: =SUM(C48:BJ48)-CA48 -> 0
A49: Аренда | B49: 224 | C49: =IFERROR(ROUND($BY49/$BY131*C131,3),0) -> 0 | D49: =IFERROR(ROUND($BY49/$BY131*D131,3),0) -> 0 | E49: =IFERROR(ROUND($BY49/$BY131*E131,3),0) -> 0 | F49: =IFERROR(ROUND($BY49/$BY131*F131,3),0) -> 0 | G49: =IFERROR(ROUND($BY49/$BY131*G131,3),0) -> 0 | H49: =IFERROR(ROUND($BY49/$BY131*H131,3),0) -> 0 | I49: =IFERROR(ROUND($BY49/$BY131*I131,3),0) -> 0 | J49: =IFERROR(ROUND($BY49/$BY131*J131,3),0) -> 0 | ... BD49: =IFERROR(ROUND($BY49/$BY131*BD131,3),0) -> 0 | BE49: =IFERROR(ROUND($BZ49/$BZ131*BE131,3),0) -> 0 | BF49: =IFERROR(ROUND($BZ49/$BZ131*BF131,3),0) -> 0 | BG49: =IFERROR(ROUND($BZ49/$BZ131*BG131,3),0) -> 0 | BH49: =IFERROR(ROUND($BZ49/$BZ131*BH131,3),0) -> 0 | BI49: =IFERROR(ROUND($BZ49/$BZ131*BI131,3),0) -> 0 | BJ49: =IFERROR(ROUND($BZ49/$BZ131*BJ131,3),0) -> 0 | BY49: =BK49+BM49+BO49+BQ49+BS49+BU49+BW49 -> 0 | BZ49: =BL49+BN49+BP49+BR49+BT49+BV49+BX49 -> 0 | CA49: =BY49+BZ49 -> 0 | CB49: =SUM(C49:BJ49)-CA49 -> 0
A50: Итого | B50: 225 | C50: =C51+C53 -> 396.988 | D50: =D51+D53 -> 0 | E50: =E51+E53 -> 0 | F50: =F51+F53 -> 0 | G50: =G51+G53 -> 0 | H50: =H51+H53 -> 0 | I50: =I51+I53 -> 0 | J50: =J51+J53 -> 0 | ... CA50: =CA51+CA53 -> 798.6 | CB50: =SUM(C50:BJ50)-CA50 -> 0.002
A51: Текущ. Рем. Здан. | B51: 225 | C51: =C52 -> 21.823 | D51: =D52 -> 0 | E51: =E52 -> 0 | F51: =F52 -> 0 | G51: =G52 -> 0 | H51: =H52 -> 0 | I51: =I52 -> 0 | J51: =J52 -> 0 | ... CA51: =CA52 -> 43.9 | CB51: =SUM(C51:BJ51)-CA51 -> 0
A52: аварийные работы, подготовка к отопительному сезону и др. тек. Работы | C52: =IFERROR(ROUND($BY52/$BY131*C131,3),0) -> 21.823 | D52: =IFERROR(ROUND($BY52/$BY131*D131,3),0) -> 0 | E52: =IFERROR(ROUND($BY52/$BY131*E131,3),0) -> 0 | F52: =IFERROR(ROUND($BY52/$BY131*F131,3),0) -> 0 | G52: =IFERROR(ROUND($BY52/$BY131*G131,3),0) -> 0 | H52: =IFERROR(ROUND($BY52/$BY131*H131,3),0) -> 0 | I52: =IFERROR(ROUND($BY52/$BY131*I131,3),0) -> 0 | J52: =IFERROR(ROUND($BY52/$BY131*J131,3),0) -> 0 | ... BD52: =IFERROR(ROUND($BY52/$BY131*BD131,3),0) -> 0 | BE52: =IFERROR(ROUND($BZ52/$BZ131*BE131,3),0) -> 0 | BF52: =IFERROR(ROUND($BZ52/$BZ131*BF131,3),0) -> 0 | BG52: =IFERROR(ROUND($BZ52/$BZ131*BG131,3),0) -> 0 | BH52: =IFERROR(ROUND($BZ52/$BZ131*BH131,3),0) -> 0 | BI52: =IFERROR(ROUND($BZ52/$BZ131*BI131,3),0) -> 0 | BJ52: =IFERROR(ROUND($BZ52/$BZ131*BJ131,3),0) -> 0 | BK52: 43.9 | BY52: =BK52+BM52+BO52+BQ52+BS52+BU52+BW52 -> 43.9 | BZ52: =BL52+BN52+BP52+BR52+BT52+BV52+BX52 -> 0 | CA52: =BY52+BZ52 -> 43.9 | CB52: =SUM(C52:BJ52)-CA52 -> 0
A53: Пр. услуги по содержанию, всего | B53: 225 | C53: =SUM(C54:C80) -> 375.165 | D53: =SUM(D54:D80) -> 0 | E53: =SUM(E54:E80) -> 0 | F53: =SUM(F54:F80) -> 0 | G53: =SUM(G54:G80) -> 0 | H53: =SUM(H54:H80) -> 0 | I53: =SUM(I54:I80) -> 0 | J53: =SUM(J54:J80) -> 0 | ... CA53: =SUM(CA54:CA80) -> 754.7 | CB53: =SUM(C53:BJ53)-CA53 -> 0.002
A54: уборка снега с крыш | C54: =IFERROR(ROUND($BY54/$BY131*C131,3),0) -> 66.662 | D54: =IFERROR(ROUND($BY54/$BY131*D131,3),0) -> 0 | E54: =IFERROR(ROUND($BY54/$BY131*E131,3),0) -> 0 | F54: =IFERROR(ROUND($BY54/$BY131*F131,3),0) -> 0 | G54: =IFERROR(ROUND($BY54/$BY131*G131,3),0) -> 0 | H54: =IFERROR(ROUND($BY54/$BY131*H131,3),0) -> 0 | I54: =IFERROR(ROUND($BY54/$BY131*I131,3),0) -> 0 | J54: =IFERROR(ROUND($BY54/$BY131*J131,3),0) -> 0 | ... BD54: =IFERROR(ROUND($BY54/$BY131*BD131,3),0) -> 0 | BE54: =IFERROR(ROUND($BZ54/$BZ131*BE131,3),0) -> 0 | BF54: =IFERROR(ROUND($BZ54/$BZ131*BF131,3),0) -> 0 | BG54: =IFERROR(ROUND($BZ54/$BZ131*BG131,3),0) -> 0 | BH54: =IFERROR(ROUND($BZ54/$BZ131*BH131,3),0) -> 0 | BI54: =IFERROR(ROUND($BZ54/$BZ131*BI131,3),0) -> 0 | BJ54: =IFERROR(ROUND($BZ54/$BZ131*BJ131,3),0) -> 0 | BK54: 134.1 | BY54: =BK54+BM54+BO54+BQ54+BS54+BU54+BW54 -> 134.1 | BZ54: =BL54+BN54+BP54+BR54+BT54+BV54+BX54 -> 0 | CA54: =BY54+BZ54 -> 134.1 | CB54: =SUM(C54:BJ54)-CA54 -> 0.001
A55: дезинсекция и дератизация | C55: =IFERROR(ROUND($BY55/$BY131*C131,3),0) -> 53.19 | D55: =IFERROR(ROUND($BY55/$BY131*D131,3),0) -> 0 | E55: =IFERROR(ROUND($BY55/$BY131*E131,3),0) -> 0 | F55: =IFERROR(ROUND($BY55/$BY131*F131,3),0) -> 0 | G55: =IFERROR(ROUND($BY55/$BY131*G131,3),0) -> 0 | H55: =IFERROR(ROUND($BY55/$BY131*H131,3),0) -> 0 | I55: =IFERROR(ROUND($BY55/$BY131*I131,3),0) -> 0 | J55: =IFERROR(ROUND($BY55/$BY131*J131,3),0) -> 0 | ... BD55: =IFERROR(ROUND($BY55/$BY131*BD131,3),0) -> 0 | BE55: =IFERROR(ROUND($BZ55/$BZ131*BE131,3),0) -> 0 | BF55: =IFERROR(ROUND($BZ55/$BZ131*BF131,3),0) -> 0 | BG55: =IFERROR(ROUND($BZ55/$BZ131*BG131,3),0) -> 0 | BH55: =IFERROR(ROUND($BZ55/$BZ131*BH131,3),0) -> 0 | BI55: =IFERROR(ROUND($BZ55/$BZ131*BI131,3),0) -> 0 | BJ55: =IFERROR(ROUND($BZ55/$BZ131*BJ131,3),0) -> 0 | BK55: 107 | BY55: =BK55+BM55+BO55+BQ55+BS55+BU55+BW55 -> 107 | BZ55: =BL55+BN55+BP55+BR55+BT55+BV55+BX55 -> 0 | CA55: =BY55+BZ55 -> 107 | CB55: =SUM(C55:BJ55)-CA55 -> 0
A56: замер сопротивления изоляции | C56: =IFERROR(ROUND($BY56/$BY131*C131,3),0) -> 24.706 | D56: =IFERROR(ROUND($BY56/$BY131*D131,3),0) -> 0 | E56: =IFERROR(ROUND($BY56/$BY131*E131,3),0) -> 0 | F56: =IFERROR(ROUND($BY56/$BY131*F131,3),0) -> 0 | G56: =IFERROR(ROUND($BY56/$BY131*G131,3),0) -> 0 | H56: =IFERROR(ROUND($BY56/$BY131*H131,3),0) -> 0 | I56: =IFERROR(ROUND($BY56/$BY131*I131,3),0) -> 0 | J56: =IFERROR(ROUND($BY56/$BY131*J131,3),0) -> 0 | ... BD56: =IFERROR(ROUND($BY56/$BY131*BD131,3),0) -> 0 | BE56: =IFERROR(ROUND($BZ56/$BZ131*BE131,3),0) -> 0 | BF56: =IFERROR(ROUND($BZ56/$BZ131*BF131,3),0) -> 0 | BG56: =IFERROR(ROUND($BZ56/$BZ131*BG131,3),0) -> 0 | BH56: =IFERROR(ROUND($BZ56/$BZ131*BH131,3),0) -> 0 | BI56: =IFERROR(ROUND($BZ56/$BZ131*BI131,3),0) -> 0 | BJ56: =IFERROR(ROUND($BZ56/$BZ131*BJ131,3),0) -> 0 | BK56: 49.7 | BY56: =BK56+BM56+BO56+BQ56+BS56+BU56+BW56 -> 49.7 | BZ56: =BL56+BN56+BP56+BR56+BT56+BV56+BX56 -> 0 | CA56: =BY56+BZ56 -> 49.7 | CB56: =SUM(C56:BJ56)-CA56 -> 0
A57: перезарядка огнетушителей | C57: =IFERROR(ROUND($BY57/$BY131*C131,3),0) -> 6.959 | D57: =IFERROR(ROUND($BY57/$BY131*D131,3),0) -> 0 | E57: =IFERROR(ROUND($BY57/$BY131*E131,3),0) -> 0 | F57: =IFERROR(ROUND($BY57/$BY131*F131,3),0) -> 0 | G57: =IFERROR(ROUND($BY57/$BY131*G131,3),0) -> 0 | H57: =IFERROR(ROUND($BY57/$BY131*H131,3),0) -> 0 | I57: =IFERROR(ROUND($BY57/$BY131*I131,3),0) -> 0 | J57: =IFERROR(ROUND($BY57/$BY131*J131,3),0) -> 0 | ... BD57: =IFERROR(ROUND($BY57/$BY131*BD131,3),0) -> 0 | BE57: =IFERROR(ROUND($BZ57/$BZ131*BE131,3),0) -> 0 | BF57: =IFERROR(ROUND($BZ57/$BZ131*BF131,3),0) -> 0 | BG57: =IFERROR(ROUND($BZ57/$BZ131*BG131,3),0) -> 0 | BH57: =IFERROR(ROUND($BZ57/$BZ131*BH131,3),0) -> 0 | BI57: =IFERROR(ROUND($BZ57/$BZ131*BI131,3),0) -> 0 | BJ57: =IFERROR(ROUND($BZ57/$BZ131*BJ131,3),0) -> 0 | BK57: 14 | BY57: =BK57+BM57+BO57+BQ57+BS57+BU57+BW57 -> 14 | BZ57: =BL57+BN57+BP57+BR57+BT57+BV57+BX57 -> 0 | CA57: =BY57+BZ57 -> 14 | CB57: =SUM(C57:BJ57)-CA57 -> -0.001
A58: обслуживание АПС | C58: =IFERROR(ROUND($BY58/$BY131*C131,3),0) -> 12.527 | D58: =IFERROR(ROUND($BY58/$BY131*D131,3),0) -> 0 | E58: =IFERROR(ROUND($BY58/$BY131*E131,3),0) -> 0 | F58: =IFERROR(ROUND($BY58/$BY131*F131,3),0) -> 0 | G58: =IFERROR(ROUND($BY58/$BY131*G131,3),0) -> 0 | H58: =IFERROR(ROUND($BY58/$BY131*H131,3),0) -> 0 | I58: =IFERROR(ROUND($BY58/$BY131*I131,3),0) -> 0 | J58: =IFERROR(ROUND($BY58/$BY131*J131,3),0) -> 0 | ... BD58: =IFERROR(ROUND($BY58/$BY131*BD131,3),0) -> 0 | BE58: =IFERROR(ROUND($BZ58/$BZ131*BE131,3),0) -> 0 | BF58: =IFERROR(ROUND($BZ58/$BZ131*BF131,3),0) -> 0 | BG58: =IFERROR(ROUND($BZ58/$BZ131*BG131,3),0) -> 0 | BH58: =IFERROR(ROUND($BZ58/$BZ131*BH131,3),0) -> 0 | BI58: =IFERROR(ROUND($BZ58/$BZ131*BI131,3),0) -> 0 | BJ58: =IFERROR(ROUND($BZ58/$BZ131*BJ131,3),0) -> 0 | BK58: 25.2 | BY58: =BK58+BM58+BO58+BQ58+BS58+BU58+BW58 -> 25.2 | BZ58: =BL58+BN58+BP58+BR58+BT58+BV58+BX58 -> 0 | CA58: =BY58+BZ58 -> 25.2 | CB58: =SUM(C58:BJ58)-CA58 -> 0
A59: обслуживание АПС (антитеррор) | C59: =IFERROR(ROUND($BY59/$BY131*C131,3),0) -> 12.527 | D59: =IFERROR(ROUND($BY59/$BY131*D131,3),0) -> 0 | E59: =IFERROR(ROUND($BY59/$BY131*E131,3),0) -> 0 | F59: =IFERROR(ROUND($BY59/$BY131*F131,3),0) -> 0 | G59: =IFERROR(ROUND($BY59/$BY131*G131,3),0) -> 0 | H59: =IFERROR(ROUND($BY59/$BY131*H131,3),0) -> 0 | I59: =IFERROR(ROUND($BY59/$BY131*I131,3),0) -> 0 | J59: =IFERROR(ROUND($BY59/$BY131*J131,3),0) -> 0 | ... BD59: =IFERROR(ROUND($BY59/$BY131*BD131,3),0) -> 0 | BE59: =IFERROR(ROUND($BZ59/$BZ131*BE131,3),0) -> 0 | BF59: =IFERROR(ROUND($BZ59/$BZ131*BF131,3),0) -> 0 | BG59: =IFERROR(ROUND($BZ59/$BZ131*BG131,3),0) -> 0 | BH59: =IFERROR(ROUND($BZ59/$BZ131*BH131,3),0) -> 0 | BI59: =IFERROR(ROUND($BZ59/$BZ131*BI131,3),0) -> 0 | BJ59: =IFERROR(ROUND($BZ59/$BZ131*BJ131,3),0) -> 0 | BK59: 25.2 | BY59: =BK59+BM59+BO59+BQ59+BS59+BU59+BW59 -> 25.2 | BZ59: =BL59+BN59+BP59+BR59+BT59+BV59+BX59 -> 0 | CA59: =BY59+BZ59 -> 25.2 | CB59: =SUM(C59:BJ59)-CA59 -> 0
A60: огнезащитная пропитка | C60: =IFERROR(ROUND($BY60/$BY131*C131,3),0) -> 0 | D60: =IFERROR(ROUND($BY60/$BY131*D131,3),0) -> 0 | E60: =IFERROR(ROUND($BY60/$BY131*E131,3),0) -> 0 | F60: =IFERROR(ROUND($BY60/$BY131*F131,3),0) -> 0 | G60: =IFERROR(ROUND($BY60/$BY131*G131,3),0) -> 0 | H60: =IFERROR(ROUND($BY60/$BY131*H131,3),0) -> 0 | I60: =IFERROR(ROUND($BY60/$BY131*I131,3),0) -> 0 | J60: =IFERROR(ROUND($BY60/$BY131*J131,3),0) -> 0 | ... BD60: =IFERROR(ROUND($BY60/$BY131*BD131,3),0) -> 0 | BE60: =IFERROR(ROUND($BZ60/$BZ131*BE131,3),0) -> 0 | BF60: =IFERROR(ROUND($BZ60/$BZ131*BF131,3),0) -> 0 | BG60: =IFERROR(ROUND($BZ60/$BZ131*BG131,3),0) -> 0 | BH60: =IFERROR(ROUND($BZ60/$BZ131*BH131,3),0) -> 0 | BI60: =IFERROR(ROUND($BZ60/$BZ131*BI131,3),0) -> 0 | BJ60: =IFERROR(ROUND($BZ60/$BZ131*BJ131,3),0) -> 0 | BY60: =BK60+BM60+BO60+BQ60+BS60+BU60+BW60 -> 0 | BZ60: =BL60+BN60+BP60+BR60+BT60+BV60+BX60 -> 0 | CA60: =BY60+BZ60 -> 0 | CB60: =SUM(C60:BJ60)-CA60 -> 0
A61: ремонт оборудования | C61: =IFERROR(ROUND($BY61/$BY131*C131,3),0) -> 33.455 | D61: =IFERROR(ROUND($BY61/$BY131*D131,3),0) -> 0 | E61: =IFERROR(ROUND($BY61/$BY131*E131,3),0) -> 0 | F61: =IFERROR(ROUND($BY61/$BY131*F131,3),0) -> 0 | G61: =IFERROR(ROUND($BY61/$BY131*G131,3),0) -> 0 | H61: =IFERROR(ROUND($BY61/$BY131*H131,3),0) -> 0 | I61: =IFERROR(ROUND($BY61/$BY131*I131,3),0) -> 0 | J61: =IFERROR(ROUND($BY61/$BY131*J131,3),0) -> 0 | ... BD61: =IFERROR(ROUND($BY61/$BY131*BD131,3),0) -> 0 | BE61: =IFERROR(ROUND($BZ61/$BZ131*BE131,3),0) -> 0 | BF61: =IFERROR(ROUND($BZ61/$BZ131*BF131,3),0) -> 0 | BG61: =IFERROR(ROUND($BZ61/$BZ131*BG131,3),0) -> 0 | BH61: =IFERROR(ROUND($BZ61/$BZ131*BH131,3),0) -> 0 | BI61: =IFERROR(ROUND($BZ61/$BZ131*BI131,3),0) -> 0 | BJ61: =IFERROR(ROUND($BZ61/$BZ131*BJ131,3),0) -> 0 | BK61: 67.3 | BY61: =BK61+BM61+BO61+BQ61+BS61+BU61+BW61 -> 67.3 | BZ61: =BL61+BN61+BP61+BR61+BT61+BV61+BX61 -> 0 | CA61: =BY61+BZ61 -> 67.3 | CB61: =SUM(C61:BJ61)-CA61 -> 0.001
A62: Противоклещевая обработка | C62: =IFERROR(ROUND($BY62/$BY131*C131,3),0) -> 2.635 | D62: =IFERROR(ROUND($BY62/$BY131*D131,3),0) -> 0 | E62: =IFERROR(ROUND($BY62/$BY131*E131,3),0) -> 0 | F62: =IFERROR(ROUND($BY62/$BY131*F131,3),0) -> 0 | G62: =IFERROR(ROUND($BY62/$BY131*G131,3),0) -> 0 | H62: =IFERROR(ROUND($BY62/$BY131*H131,3),0) -> 0 | I62: =IFERROR(ROUND($BY62/$BY131*I131,3),0) -> 0 | J62: =IFERROR(ROUND($BY62/$BY131*J131,3),0) -> 0 | ... BD62: =IFERROR(ROUND($BY62/$BY131*BD131,3),0) -> 0 | BE62: =IFERROR(ROUND($BZ62/$BZ131*BE131,3),0) -> 0 | BF62: =IFERROR(ROUND($BZ62/$BZ131*BF131,3),0) -> 0 | BG62: =IFERROR(ROUND($BZ62/$BZ131*BG131,3),0) -> 0 | BH62: =IFERROR(ROUND($BZ62/$BZ131*BH131,3),0) -> 0 | BI62: =IFERROR(ROUND($BZ62/$BZ131*BI131,3),0) -> 0 | BJ62: =IFERROR(ROUND($BZ62/$BZ131*BJ131,3),0) -> 0 | BK62: 5.3 | BY62: =BK62+BM62+BO62+BQ62+BS62+BU62+BW62 -> 5.3 | BZ62: =BL62+BN62+BP62+BR62+BT62+BV62+BX62 -> 0 | CA62: =BY62+BZ62 -> 5.3 | CB62: =SUM(C62:BJ62)-CA62 -> 0
A63: Обслуживание приборов учета, поверка приборов учета | C63: =IFERROR(ROUND($BY63/$BY131*C131,3),0) -> 64.474 | D63: =IFERROR(ROUND($BY63/$BY131*D131,3),0) -> 0 | E63: =IFERROR(ROUND($BY63/$BY131*E131,3),0) -> 0 | F63: =IFERROR(ROUND($BY63/$BY131*F131,3),0) -> 0 | G63: =IFERROR(ROUND($BY63/$BY131*G131,3),0) -> 0 | H63: =IFERROR(ROUND($BY63/$BY131*H131,3),0) -> 0 | I63: =IFERROR(ROUND($BY63/$BY131*I131,3),0) -> 0 | J63: =IFERROR(ROUND($BY63/$BY131*J131,3),0) -> 0 | ... BD63: =IFERROR(ROUND($BY63/$BY131*BD131,3),0) -> 0 | BE63: =IFERROR(ROUND($BZ63/$BZ131*BE131,3),0) -> 0 | BF63: =IFERROR(ROUND($BZ63/$BZ131*BF131,3),0) -> 0 | BG63: =IFERROR(ROUND($BZ63/$BZ131*BG131,3),0) -> 0 | BH63: =IFERROR(ROUND($BZ63/$BZ131*BH131,3),0) -> 0 | BI63: =IFERROR(ROUND($BZ63/$BZ131*BI131,3),0) -> 0 | BJ63: =IFERROR(ROUND($BZ63/$BZ131*BJ131,3),0) -> 0 | BK63: 129.7 | BY63: =BK63+BM63+BO63+BQ63+BS63+BU63+BW63 -> 129.7 | BZ63: =BL63+BN63+BP63+BR63+BT63+BV63+BX63 -> 0 | CA63: =BY63+BZ63 -> 129.7 | CB63: =SUM(C63:BJ63)-CA63 -> -0.001
A64: обслуживание КТС | C64: =IFERROR(ROUND($BY64/$BY131*C131,3),0) -> 1.889 | D64: =IFERROR(ROUND($BY64/$BY131*D131,3),0) -> 0 | E64: =IFERROR(ROUND($BY64/$BY131*E131,3),0) -> 0 | F64: =IFERROR(ROUND($BY64/$BY131*F131,3),0) -> 0 | G64: =IFERROR(ROUND($BY64/$BY131*G131,3),0) -> 0 | H64: =IFERROR(ROUND($BY64/$BY131*H131,3),0) -> 0 | I64: =IFERROR(ROUND($BY64/$BY131*I131,3),0) -> 0 | J64: =IFERROR(ROUND($BY64/$BY131*J131,3),0) -> 0 | ... BD64: =IFERROR(ROUND($BY64/$BY131*BD131,3),0) -> 0 | BE64: =IFERROR(ROUND($BZ64/$BZ131*BE131,3),0) -> 0 | BF64: =IFERROR(ROUND($BZ64/$BZ131*BF131,3),0) -> 0 | BG64: =IFERROR(ROUND($BZ64/$BZ131*BG131,3),0) -> 0 | BH64: =IFERROR(ROUND($BZ64/$BZ131*BH131,3),0) -> 0 | BI64: =IFERROR(ROUND($BZ64/$BZ131*BI131,3),0) -> 0 | BJ64: =IFERROR(ROUND($BZ64/$BZ131*BJ131,3),0) -> 0 | BK64: 3.8 | BY64: =BK64+BM64+BO64+BQ64+BS64+BU64+BW64 -> 3.8 | BZ64: =BL64+BN64+BP64+BR64+BT64+BV64+BX64 -> 0 | CA64: =BY64+BZ64 -> 3.8 | CB64: =SUM(C64:BJ64)-CA64 -> 0
A65: Обслуживание САРТ, ИТП, вентиляции, теплообменников | C65: =IFERROR(ROUND($BY65/$BY131*C131,3),0) -> 19.188 | D65: =IFERROR(ROUND($BY65/$BY131*D131,3),0) -> 0 | E65: =IFERROR(ROUND($BY65/$BY131*E131,3),0) -> 0 | F65: =IFERROR(ROUND($BY65/$BY131*F131,3),0) -> 0 | G65: =IFERROR(ROUND($BY65/$BY131*G131,3),0) -> 0 | H65: =IFERROR(ROUND($BY65/$BY131*H131,3),0) -> 0 | I65: =IFERROR(ROUND($BY65/$BY131*I131,3),0) -> 0 | J65: =IFERROR(ROUND($BY65/$BY131*J131,3),0) -> 0 | ... BD65: =IFERROR(ROUND($BY65/$BY131*BD131,3),0) -> 0 | BE65: =IFERROR(ROUND($BZ65/$BZ131*BE131,3),0) -> 0 | BF65: =IFERROR(ROUND($BZ65/$BZ131*BF131,3),0) -> 0 | BG65: =IFERROR(ROUND($BZ65/$BZ131*BG131,3),0) -> 0 | BH65: =IFERROR(ROUND($BZ65/$BZ131*BH131,3),0) -> 0 | BI65: =IFERROR(ROUND($BZ65/$BZ131*BI131,3),0) -> 0 | BJ65: =IFERROR(ROUND($BZ65/$BZ131*BJ131,3),0) -> 0 | BK65: 38.6 | BY65: =BK65+BM65+BO65+BQ65+BS65+BU65+BW65 -> 38.6 | BZ65: =BL65+BN65+BP65+BR65+BT65+BV65+BX65 -> 0 | CA65: =BY65+BZ65 -> 38.6 | CB65: =SUM(C65:BJ65)-CA65 -> 0.001
A66: эксплуатационные расходы | C66: =IFERROR(ROUND($BY66/$BY131*C131,3),0) -> 0 | D66: =IFERROR(ROUND($BY66/$BY131*D131,3),0) -> 0 | E66: =IFERROR(ROUND($BY66/$BY131*E131,3),0) -> 0 | F66: =IFERROR(ROUND($BY66/$BY131*F131,3),0) -> 0 | G66: =IFERROR(ROUND($BY66/$BY131*G131,3),0) -> 0 | H66: =IFERROR(ROUND($BY66/$BY131*H131,3),0) -> 0 | I66: =IFERROR(ROUND($BY66/$BY131*I131,3),0) -> 0 | J66: =IFERROR(ROUND($BY66/$BY131*J131,3),0) -> 0 | ... BD66: =IFERROR(ROUND($BY66/$BY131*BD131,3),0) -> 0 | BE66: =IFERROR(ROUND($BZ66/$BZ131*BE131,3),0) -> 0 | BF66: =IFERROR(ROUND($BZ66/$BZ131*BF131,3),0) -> 0 | BG66: =IFERROR(ROUND($BZ66/$BZ131*BG131,3),0) -> 0 | BH66: =IFERROR(ROUND($BZ66/$BZ131*BH131,3),0) -> 0 | BI66: =IFERROR(ROUND($BZ66/$BZ131*BI131,3),0) -> 0 | BJ66: =IFERROR(ROUND($BZ66/$BZ131*BJ131,3),0) -> 0 | BY66: =BK66+BM66+BO66+BQ66+BS66+BU66+BW66 -> 0 | BZ66: =BL66+BN66+BP66+BR66+BT66+BV66+BX66 -> 0 | CA66: =BY66+BZ66 -> 0 | CB66: =SUM(C66:BJ66)-CA66 -> 0
A67: поверка весов | C67: =IFERROR(ROUND($BY67/$BY131*C131,3),0) -> 4.325 | D67: =IFERROR(ROUND($BY67/$BY131*D131,3),0) -> 0 | E67: =IFERROR(ROUND($BY67/$BY131*E131,3),0) -> 0 | F67: =IFERROR(ROUND($BY67/$BY131*F131,3),0) -> 0 | G67: =IFERROR(ROUND($BY67/$BY131*G131,3),0) -> 0 | H67: =IFERROR(ROUND($BY67/$BY131*H131,3),0) -> 0 | I67: =IFERROR(ROUND($BY67/$BY131*I131,3),0) -> 0 | J67: =IFERROR(ROUND($BY67/$BY131*J131,3),0) -> 0 | ... BD67: =IFERROR(ROUND($BY67/$BY131*BD131,3),0) -> 0 | BE67: =IFERROR(ROUND($BZ67/$BZ131*BE131,3),0) -> 0 | BF67: =IFERROR(ROUND($BZ67/$BZ131*BF131,3),0) -> 0 | BG67: =IFERROR(ROUND($BZ67/$BZ131*BG131,3),0) -> 0 | BH67: =IFERROR(ROUND($BZ67/$BZ131*BH131,3),0) -> 0 | BI67: =IFERROR(ROUND($BZ67/$BZ131*BI131,3),0) -> 0 | BJ67: =IFERROR(ROUND($BZ67/$BZ131*BJ131,3),0) -> 0 | BK67: 8.7 | BY67: =BK67+BM67+BO67+BQ67+BS67+BU67+BW67 -> 8.7 | BZ67: =BL67+BN67+BP67+BR67+BT67+BV67+BX67 -> 0 | CA67: =BY67+BZ67 -> 8.7 | CB67: =SUM(C67:BJ67)-CA67 -> 0
A68: стирка белья | C68: =IFERROR(ROUND($BY68/$BY131*C131,3),0) -> 0 | D68: =IFERROR(ROUND($BY68/$BY131*D131,3),0) -> 0 | E68: =IFERROR(ROUND($BY68/$BY131*E131,3),0) -> 0 | F68: =IFERROR(ROUND($BY68/$BY131*F131,3),0) -> 0 | G68: =IFERROR(ROUND($BY68/$BY131*G131,3),0) -> 0 | H68: =IFERROR(ROUND($BY68/$BY131*H131,3),0) -> 0 | I68: =IFERROR(ROUND($BY68/$BY131*I131,3),0) -> 0 | J68: =IFERROR(ROUND($BY68/$BY131*J131,3),0) -> 0 | ... BD68: =IFERROR(ROUND($BY68/$BY131*BD131,3),0) -> 0 | BE68: =IFERROR(ROUND($BZ68/$BZ131*BE131,3),0) -> 0 | BF68: =IFERROR(ROUND($BZ68/$BZ131*BF131,3),0) -> 0 | BG68: =IFERROR(ROUND($BZ68/$BZ131*BG131,3),0) -> 0 | BH68: =IFERROR(ROUND($BZ68/$BZ131*BH131,3),0) -> 0 | BI68: =IFERROR(ROUND($BZ68/$BZ131*BI131,3),0) -> 0 | BJ68: =IFERROR(ROUND($BZ68/$BZ131*BJ131,3),0) -> 0 | BY68: =BK68+BM68+BO68+BQ68+BS68+BU68+BW68 -> 0 | BZ68: =BL68+BN68+BP68+BR68+BT68+BV68+BX68 -> 0 | CA68: =BY68+BZ68 -> 0 | CB68: =SUM(C68:BJ68)-CA68 -> 0
A69: обслуживание лифтов | C69: =IFERROR(ROUND($BY69/$BY131*C131,3),0) -> 9.843 | D69: =IFERROR(ROUND($BY69/$BY131*D131,3),0) -> 0 | E69: =IFERROR(ROUND($BY69/$BY131*E131,3),0) -> 0 | F69: =IFERROR(ROUND($BY69/$BY131*F131,3),0) -> 0 | G69: =IFERROR(ROUND($BY69/$BY131*G131,3),0) -> 0 | H69: =IFERROR(ROUND($BY69/$BY131*H131,3),0) -> 0 | I69: =IFERROR(ROUND($BY69/$BY131*I131,3),0) -> 0 | J69: =IFERROR(ROUND($BY69/$BY131*J131,3),0) -> 0 | ... BD69: =IFERROR(ROUND($BY69/$BY131*BD131,3),0) -> 0 | BE69: =IFERROR(ROUND($BZ69/$BZ131*BE131,3),0) -> 0 | BF69: =IFERROR(ROUND($BZ69/$BZ131*BF131,3),0) -> 0 | BG69: =IFERROR(ROUND($BZ69/$BZ131*BG131,3),0) -> 0 | BH69: =IFERROR(ROUND($BZ69/$BZ131*BH131,3),0) -> 0 | BI69: =IFERROR(ROUND($BZ69/$BZ131*BI131,3),0) -> 0 | BJ69: =IFERROR(ROUND($BZ69/$BZ131*BJ131,3),0) -> 0 | BK69: 19.8 | BY69: =BK69+BM69+BO69+BQ69+BS69+BU69+BW69 -> 19.8 | BZ69: =BL69+BN69+BP69+BR69+BT69+BV69+BX69 -> 0 | CA69: =BY69+BZ69 -> 19.8 | CB69: =SUM(C69:BJ69)-CA69 -> 0
A70: обслуживание вентиляции | C70: =IFERROR(ROUND($BY70/$BY131*C131,3),0) -> 25.75 | D70: =IFERROR(ROUND($BY70/$BY131*D131,3),0) -> 0 | E70: =IFERROR(ROUND($BY70/$BY131*E131,3),0) -> 0 | F70: =IFERROR(ROUND($BY70/$BY131*F131,3),0) -> 0 | G70: =IFERROR(ROUND($BY70/$BY131*G131,3),0) -> 0 | H70: =IFERROR(ROUND($BY70/$BY131*H131,3),0) -> 0 | I70: =IFERROR(ROUND($BY70/$BY131*I131,3),0) -> 0 | J70: =IFERROR(ROUND($BY70/$BY131*J131,3),0) -> 0 | ... BD70: =IFERROR(ROUND($BY70/$BY131*BD131,3),0) -> 0 | BE70: =IFERROR(ROUND($BZ70/$BZ131*BE131,3),0) -> 0 | BF70: =IFERROR(ROUND($BZ70/$BZ131*BF131,3),0) -> 0 | BG70: =IFERROR(ROUND($BZ70/$BZ131*BG131,3),0) -> 0 | BH70: =IFERROR(ROUND($BZ70/$BZ131*BH131,3),0) -> 0 | BI70: =IFERROR(ROUND($BZ70/$BZ131*BI131,3),0) -> 0 | BJ70: =IFERROR(ROUND($BZ70/$BZ131*BJ131,3),0) -> 0 | BK70: 51.8 | BY70: =BK70+BM70+BO70+BQ70+BS70+BU70+BW70 -> 51.8 | BZ70: =BL70+BN70+BP70+BR70+BT70+BV70+BX70 -> 0 | CA70: =BY70+BZ70 -> 51.8 | CB70: =SUM(C70:BJ70)-CA70 -> 0
A71: обслуживание пож.мониторинга | C71: =IFERROR(ROUND($BY71/$BY131*C131,3),0) -> 8.103 | D71: =IFERROR(ROUND($BY71/$BY131*D131,3),0) -> 0 | E71: =IFERROR(ROUND($BY71/$BY131*E131,3),0) -> 0 | F71: =IFERROR(ROUND($BY71/$BY131*F131,3),0) -> 0 | G71: =IFERROR(ROUND($BY71/$BY131*G131,3),0) -> 0 | H71: =IFERROR(ROUND($BY71/$BY131*H131,3),0) -> 0 | I71: =IFERROR(ROUND($BY71/$BY131*I131,3),0) -> 0 | J71: =IFERROR(ROUND($BY71/$BY131*J131,3),0) -> 0 | ... BD71: =IFERROR(ROUND($BY71/$BY131*BD131,3),0) -> 0 | BE71: =IFERROR(ROUND($BZ71/$BZ131*BE131,3),0) -> 0 | BF71: =IFERROR(ROUND($BZ71/$BZ131*BF131,3),0) -> 0 | BG71: =IFERROR(ROUND($BZ71/$BZ131*BG131,3),0) -> 0 | BH71: =IFERROR(ROUND($BZ71/$BZ131*BH131,3),0) -> 0 | BI71: =IFERROR(ROUND($BZ71/$BZ131*BI131,3),0) -> 0 | BJ71: =IFERROR(ROUND($BZ71/$BZ131*BJ131,3),0) -> 0 | BK71: 16.3 | BY71: =BK71+BM71+BO71+BQ71+BS71+BU71+BW71 -> 16.3 | BZ71: =BL71+BN71+BP71+BR71+BT71+BV71+BX71 -> 0 | CA71: =BY71+BZ71 -> 16.3 | CB71: =SUM(C71:BJ71)-CA71 -> 0.001
A72: обслуживание видеонаблюдения | C72: =IFERROR(ROUND($BY72/$BY131*C131,3),0) -> 0 | D72: =IFERROR(ROUND($BY72/$BY131*D131,3),0) -> 0 | E72: =IFERROR(ROUND($BY72/$BY131*E131,3),0) -> 0 | F72: =IFERROR(ROUND($BY72/$BY131*F131,3),0) -> 0 | G72: =IFERROR(ROUND($BY72/$BY131*G131,3),0) -> 0 | H72: =IFERROR(ROUND($BY72/$BY131*H131,3),0) -> 0 | I72: =IFERROR(ROUND($BY72/$BY131*I131,3),0) -> 0 | J72: =IFERROR(ROUND($BY72/$BY131*J131,3),0) -> 0 | ... BD72: =IFERROR(ROUND($BY72/$BY131*BD131,3),0) -> 0 | BE72: =IFERROR(ROUND($BZ72/$BZ131*BE131,3),0) -> 0 | BF72: =IFERROR(ROUND($BZ72/$BZ131*BF131,3),0) -> 0 | BG72: =IFERROR(ROUND($BZ72/$BZ131*BG131,3),0) -> 0 | BH72: =IFERROR(ROUND($BZ72/$BZ131*BH131,3),0) -> 0 | BI72: =IFERROR(ROUND($BZ72/$BZ131*BI131,3),0) -> 0 | BJ72: =IFERROR(ROUND($BZ72/$BZ131*BJ131,3),0) -> 0 | BY72: =BK72+BM72+BO72+BQ72+BS72+BU72+BW72 -> 0 | BZ72: =BL72+BN72+BP72+BR72+BT72+BV72+BX72 -> 0 | CA72: =BY72+BZ72 -> 0 | CB72: =SUM(C72:BJ72)-CA72 -> 0
A73: ремонт автомобиля | C73: =IFERROR(ROUND($BY73/$BY131*C131,3),0) -> 0 | D73: =IFERROR(ROUND($BY73/$BY131*D131,3),0) -> 0 | E73: =IFERROR(ROUND($BY73/$BY131*E131,3),0) -> 0 | F73: =IFERROR(ROUND($BY73/$BY131*F131,3),0) -> 0 | G73: =IFERROR(ROUND($BY73/$BY131*G131,3),0) -> 0 | H73: =IFERROR(ROUND($BY73/$BY131*H131,3),0) -> 0 | I73: =IFERROR(ROUND($BY73/$BY131*I131,3),0) -> 0 | J73: =IFERROR(ROUND($BY73/$BY131*J131,3),0) -> 0 | ... BD73: =IFERROR(ROUND($BY73/$BY131*BD131,3),0) -> 0 | BE73: =IFERROR(ROUND($BZ73/$BZ131*BE131,3),0) -> 0 | BF73: =IFERROR(ROUND($BZ73/$BZ131*BF131,3),0) -> 0 | BG73: =IFERROR(ROUND($BZ73/$BZ131*BG131,3),0) -> 0 | BH73: =IFERROR(ROUND($BZ73/$BZ131*BH131,3),0) -> 0 | BI73: =IFERROR(ROUND($BZ73/$BZ131*BI131,3),0) -> 0 | BJ73: =IFERROR(ROUND($BZ73/$BZ131*BJ131,3),0) -> 0 | BY73: =BK73+BM73+BO73+BQ73+BS73+BU73+BW73 -> 0 | BZ73: =BL73+BN73+BP73+BR73+BT73+BV73+BX73 -> 0 | CA73: =BY73+BZ73 -> 0 | CB73: =SUM(C73:BJ73)-CA73 -> 0
A74: фильтрация бассейна | C74: =IFERROR(ROUND($BY74/$BY131*C131,3),0) -> 0 | D74: =IFERROR(ROUND($BY74/$BY131*D131,3),0) -> 0 | E74: =IFERROR(ROUND($BY74/$BY131*E131,3),0) -> 0 | F74: =IFERROR(ROUND($BY74/$BY131*F131,3),0) -> 0 | G74: =IFERROR(ROUND($BY74/$BY131*G131,3),0) -> 0 | H74: =IFERROR(ROUND($BY74/$BY131*H131,3),0) -> 0 | I74: =IFERROR(ROUND($BY74/$BY131*I131,3),0) -> 0 | J74: =IFERROR(ROUND($BY74/$BY131*J131,3),0) -> 0 | ... BD74: =IFERROR(ROUND($BY74/$BY131*BD131,3),0) -> 0 | BE74: =IFERROR(ROUND($BZ74/$BZ131*BE131,3),0) -> 0 | BF74: =IFERROR(ROUND($BZ74/$BZ131*BF131,3),0) -> 0 | BG74: =IFERROR(ROUND($BZ74/$BZ131*BG131,3),0) -> 0 | BH74: =IFERROR(ROUND($BZ74/$BZ131*BH131,3),0) -> 0 | BI74: =IFERROR(ROUND($BZ74/$BZ131*BI131,3),0) -> 0 | BJ74: =IFERROR(ROUND($BZ74/$BZ131*BJ131,3),0) -> 0 | BY74: =BK74+BM74+BO74+BQ74+BS74+BU74+BW74 -> 0 | BZ74: =BL74+BN74+BP74+BR74+BT74+BV74+BX74 -> 0 | CA74: =BY74+BZ74 -> 0 | CB74: =SUM(C74:BJ74)-CA74 -> 0
A75: наем транспорта на субботники | C75: =IFERROR(ROUND($BY75/$BY131*C131,3),0) -> 1.044 | D75: =IFERROR(ROUND($BY75/$BY131*D131,3),0) -> 0 | E75: =IFERROR(ROUND($BY75/$BY131*E131,3),0) -> 0 | F75: =IFERROR(ROUND($BY75/$BY131*F131,3),0) -> 0 | G75: =IFERROR(ROUND($BY75/$BY131*G131,3),0) -> 0 | H75: =IFERROR(ROUND($BY75/$BY131*H131,3),0) -> 0 | I75: =IFERROR(ROUND($BY75/$BY131*I131,3),0) -> 0 | J75: =IFERROR(ROUND($BY75/$BY131*J131,3),0) -> 0 | ... BD75: =IFERROR(ROUND($BY75/$BY131*BD131,3),0) -> 0 | BE75: =IFERROR(ROUND($BZ75/$BZ131*BE131,3),0) -> 0 | BF75: =IFERROR(ROUND($BZ75/$BZ131*BF131,3),0) -> 0 | BG75: =IFERROR(ROUND($BZ75/$BZ131*BG131,3),0) -> 0 | BH75: =IFERROR(ROUND($BZ75/$BZ131*BH131,3),0) -> 0 | BI75: =IFERROR(ROUND($BZ75/$BZ131*BI131,3),0) -> 0 | BJ75: =IFERROR(ROUND($BZ75/$BZ131*BJ131,3),0) -> 0 | BK75: 2.1 | BY75: =BK75+BM75+BO75+BQ75+BS75+BU75+BW75 -> 2.1 | BZ75: =BL75+BN75+BP75+BR75+BT75+BV75+BX75 -> 0 | CA75: =BY75+BZ75 -> 2.1 | CB75: =SUM(C75:BJ75)-CA75 -> 0
A76: прочие расходы | C76: =IFERROR(ROUND($BY76/$BY131*C131,3),0) -> 27.888 | D76: =IFERROR(ROUND($BY76/$BY131*D131,3),0) -> 0 | E76: =IFERROR(ROUND($BY76/$BY131*E131,3),0) -> 0 | F76: =IFERROR(ROUND($BY76/$BY131*F131,3),0) -> 0 | G76: =IFERROR(ROUND($BY76/$BY131*G131,3),0) -> 0 | H76: =IFERROR(ROUND($BY76/$BY131*H131,3),0) -> 0 | I76: =IFERROR(ROUND($BY76/$BY131*I131,3),0) -> 0 | J76: =IFERROR(ROUND($BY76/$BY131*J131,3),0) -> 0 | ... BD76: =IFERROR(ROUND($BY76/$BY131*BD131,3),0) -> 0 | BE76: =IFERROR(ROUND($BZ76/$BZ131*BE131,3),0) -> 0 | BF76: =IFERROR(ROUND($BZ76/$BZ131*BF131,3),0) -> 0 | BG76: =IFERROR(ROUND($BZ76/$BZ131*BG131,3),0) -> 0 | BH76: =IFERROR(ROUND($BZ76/$BZ131*BH131,3),0) -> 0 | BI76: =IFERROR(ROUND($BZ76/$BZ131*BI131,3),0) -> 0 | BJ76: =IFERROR(ROUND($BZ76/$BZ131*BJ131,3),0) -> 0 | BK76: 56.1 | BY76: =BK76+BM76+BO76+BQ76+BS76+BU76+BW76 -> 56.1 | BZ76: =BL76+BN76+BP76+BR76+BT76+BV76+BX76 -> 0 | CA76: =BY76+BZ76 -> 56.1 | CB76: =SUM(C76:BJ76)-CA76 -> 0
A77: прочие расходы | C77: =IFERROR(ROUND($BY77/$BY131*C131,3),0) -> 0 | D77: =IFERROR(ROUND($BY77/$BY131*D131,3),0) -> 0 | E77: =IFERROR(ROUND($BY77/$BY131*E131,3),0) -> 0 | F77: =IFERROR(ROUND($BY77/$BY131*F131,3),0) -> 0 | G77: =IFERROR(ROUND($BY77/$BY131*G131,3),0) -> 0 | H77: =IFERROR(ROUND($BY77/$BY131*H131,3),0) -> 0 | I77: =IFERROR(ROUND($BY77/$BY131*I131,3),0) -> 0 | J77: =IFERROR(ROUND($BY77/$BY131*J131,3),0) -> 0 | ... BD77: =IFERROR(ROUND($BY77/$BY131*BD131,3),0) -> 0 | BE77: =IFERROR(ROUND($BZ77/$BZ131*BE131,3),0) -> 0 | BF77: =IFERROR(ROUND($BZ77/$BZ131*BF131,3),0) -> 0 | BG77: =IFERROR(ROUND($BZ77/$BZ131*BG131,3),0) -> 0 | BH77: =IFERROR(ROUND($BZ77/$BZ131*BH131,3),0) -> 0 | BI77: =IFERROR(ROUND($BZ77/$BZ131*BI131,3),0) -> 0 | BJ77: =IFERROR(ROUND($BZ77/$BZ131*BJ131,3),0) -> 0 | BY77: =BK77+BM77+BO77+BQ77+BS77+BU77+BW77 -> 0 | BZ77: =BL77+BN77+BP77+BR77+BT77+BV77+BX77 -> 0 | CA77: =BY77+BZ77 -> 0 | CB77: =SUM(C77:BJ77)-CA77 -> 0
A78: прочие расходы | C78: =IFERROR(ROUND($BY78/$BY131*C131,3),0) -> 0 | D78: =IFERROR(ROUND($BY78/$BY131*D131,3),0) -> 0 | E78: =IFERROR(ROUND($BY78/$BY131*E131,3),0) -> 0 | F78: =IFERROR(ROUND($BY78/$BY131*F131,3),0) -> 0 | G78: =IFERROR(ROUND($BY78/$BY131*G131,3),0) -> 0 | H78: =IFERROR(ROUND($BY78/$BY131*H131,3),0) -> 0 | I78: =IFERROR(ROUND($BY78/$BY131*I131,3),0) -> 0 | J78: =IFERROR(ROUND($BY78/$BY131*J131,3),0) -> 0 | ... BD78: =IFERROR(ROUND($BY78/$BY131*BD131,3),0) -> 0 | BE78: =IFERROR(ROUND($BZ78/$BZ131*BE131,3),0) -> 0 | BF78: =IFERROR(ROUND($BZ78/$BZ131*BF131,3),0) -> 0 | BG78: =IFERROR(ROUND($BZ78/$BZ131*BG131,3),0) -> 0 | BH78: =IFERROR(ROUND($BZ78/$BZ131*BH131,3),0) -> 0 | BI78: =IFERROR(ROUND($BZ78/$BZ131*BI131,3),0) -> 0 | BJ78: =IFERROR(ROUND($BZ78/$BZ131*BJ131,3),0) -> 0 | BY78: =BK78+BM78+BO78+BQ78+BS78+BU78+BW78 -> 0 | BZ78: =BL78+BN78+BP78+BR78+BT78+BV78+BX78 -> 0 | CA78: =BY78+BZ78 -> 0 | CB78: =SUM(C78:BJ78)-CA78 -> 0
A79: прочие расходы | C79: =IFERROR(ROUND($BY79/$BY131*C131,3),0) -> 0 | D79: =IFERROR(ROUND($BY79/$BY131*D131,3),0) -> 0 | E79: =IFERROR(ROUND($BY79/$BY131*E131,3),0) -> 0 | F79: =IFERROR(ROUND($BY79/$BY131*F131,3),0) -> 0 | G79: =IFERROR(ROUND($BY79/$BY131*G131,3),0) -> 0 | H79: =IFERROR(ROUND($BY79/$BY131*H131,3),0) -> 0 | I79: =IFERROR(ROUND($BY79/$BY131*I131,3),0) -> 0 | J79: =IFERROR(ROUND($BY79/$BY131*J131,3),0) -> 0 | ... BD79: =IFERROR(ROUND($BY79/$BY131*BD131,3),0) -> 0 | BE79: =IFERROR(ROUND($BZ79/$BZ131*BE131,3),0) -> 0 | BF79: =IFERROR(ROUND($BZ79/$BZ131*BF131,3),0) -> 0 | BG79: =IFERROR(ROUND($BZ79/$BZ131*BG131,3),0) -> 0 | BH79: =IFERROR(ROUND($BZ79/$BZ131*BH131,3),0) -> 0 | BI79: =IFERROR(ROUND($BZ79/$BZ131*BI131,3),0) -> 0 | BJ79: =IFERROR(ROUND($BZ79/$BZ131*BJ131,3),0) -> 0 | BY79: =BK79+BM79+BO79+BQ79+BS79+BU79+BW79 -> 0 | BZ79: =BL79+BN79+BP79+BR79+BT79+BV79+BX79 -> 0 | CA79: =BY79+BZ79 -> 0 | CB79: =SUM(C79:BJ79)-CA79 -> 0
A80: прочие расходы | C80: =IFERROR(ROUND($BY80/$BY131*C131,3),0) -> 0 | D80: =IFERROR(ROUND($BY80/$BY131*D131,3),0) -> 0 | E80: =IFERROR(ROUND($BY80/$BY131*E131,3),0) -> 0 | F80: =IFERROR(ROUND($BY80/$BY131*F131,3),0) -> 0 | G80: =IFERROR(ROUND($BY80/$BY131*G131,3),0) -> 0 | H80: =IFERROR(ROUND($BY80/$BY131*H131,3),0) -> 0 | I80: =IFERROR(ROUND($BY80/$BY131*I131,3),0) -> 0 | J80: =IFERROR(ROUND($BY80/$BY131*J131,3),0) -> 0 | ... BD80: =IFERROR(ROUND($BY80/$BY131*BD131,3),0) -> 0 | BE80: =IFERROR(ROUND($BZ80/$BZ131*BE131,3),0) -> 0 | BF80: =IFERROR(ROUND($BZ80/$BZ131*BF131,3),0) -> 0 | BG80: =IFERROR(ROUND($BZ80/$BZ131*BG131,3),0) -> 0 | BH80: =IFERROR(ROUND($BZ80/$BZ131*BH131,3),0) -> 0 | BI80: =IFERROR(ROUND($BZ80/$BZ131*BI131,3),0) -> 0 | BJ80: =IFERROR(ROUND($BZ80/$BZ131*BJ131,3),0) -> 0 | BY80: =BK80+BM80+BO80+BQ80+BS80+BU80+BW80 -> 0 | BZ80: =BL80+BN80+BP80+BR80+BT80+BV80+BX80 -> 0 | CA80: =BY80+BZ80 -> 0 | CB80: =SUM(C80:BJ80)-CA80 -> 0
A81: Прочие услуги,всего | B81: 226 | C81: =SUM(C82:C95) -> 531.702 | D81: =SUM(D82:D95) -> 0 | E81: =SUM(E82:E95) -> 0 | F81: =SUM(F82:F95) -> 0 | G81: =SUM(G82:G95) -> 0 | H81: =SUM(H82:H95) -> 0 | I81: =SUM(I82:I95) -> 0 | J81: =SUM(J82:J95) -> 0 | ... CA81: =SUM(CA82:CA95) -> 1069.6 | CB81: =SUM(C81:BJ81)-CA81 -> -0.002
A82: обслуживание КТС | C82: =IFERROR(ROUND($BY82/$BY131*C131,3),0) -> 16.305 | D82: =IFERROR(ROUND($BY82/$BY131*D131,3),0) -> 0 | E82: =IFERROR(ROUND($BY82/$BY131*E131,3),0) -> 0 | F82: =IFERROR(ROUND($BY82/$BY131*F131,3),0) -> 0 | G82: =IFERROR(ROUND($BY82/$BY131*G131,3),0) -> 0 | H82: =IFERROR(ROUND($BY82/$BY131*H131,3),0) -> 0 | I82: =IFERROR(ROUND($BY82/$BY131*I131,3),0) -> 0 | J82: =IFERROR(ROUND($BY82/$BY131*J131,3),0) -> 0 | ... BD82: =IFERROR(ROUND($BY82/$BY131*BD131,3),0) -> 0 | BE82: =IFERROR(ROUND($BZ82/$BZ131*BE131,3),0) -> 0 | BF82: =IFERROR(ROUND($BZ82/$BZ131*BF131,3),0) -> 0 | BG82: =IFERROR(ROUND($BZ82/$BZ131*BG131,3),0) -> 0 | BH82: =IFERROR(ROUND($BZ82/$BZ131*BH131,3),0) -> 0 | BI82: =IFERROR(ROUND($BZ82/$BZ131*BI131,3),0) -> 0 | BJ82: =IFERROR(ROUND($BZ82/$BZ131*BJ131,3),0) -> 0 | BK82: 32.8 | BY82: =BK82+BM82+BO82+BQ82+BS82+BU82+BW82 -> 32.8 | BZ82: =BL82+BN82+BP82+BR82+BT82+BV82+BX82 -> 0 | CA82: =BY82+BZ82 -> 32.8 | CB82: =SUM(C82:BJ82)-CA82 -> 0
A83: обслуживание КТС (антитеррор) | C83: =IFERROR(ROUND($BY83/$BY131*C131,3),0) -> 16.305 | D83: =IFERROR(ROUND($BY83/$BY131*D131,3),0) -> 0 | E83: =IFERROR(ROUND($BY83/$BY131*E131,3),0) -> 0 | F83: =IFERROR(ROUND($BY83/$BY131*F131,3),0) -> 0 | G83: =IFERROR(ROUND($BY83/$BY131*G131,3),0) -> 0 | H83: =IFERROR(ROUND($BY83/$BY131*H131,3),0) -> 0 | I83: =IFERROR(ROUND($BY83/$BY131*I131,3),0) -> 0 | J83: =IFERROR(ROUND($BY83/$BY131*J131,3),0) -> 0 | ... BD83: =IFERROR(ROUND($BY83/$BY131*BD131,3),0) -> 0 | BE83: =IFERROR(ROUND($BZ83/$BZ131*BE131,3),0) -> 0 | BF83: =IFERROR(ROUND($BZ83/$BZ131*BF131,3),0) -> 0 | BG83: =IFERROR(ROUND($BZ83/$BZ131*BG131,3),0) -> 0 | BH83: =IFERROR(ROUND($BZ83/$BZ131*BH131,3),0) -> 0 | BI83: =IFERROR(ROUND($BZ83/$BZ131*BI131,3),0) -> 0 | BJ83: =IFERROR(ROUND($BZ83/$BZ131*BJ131,3),0) -> 0 | BK83: 32.8 | BY83: =BK83+BM83+BO83+BQ83+BS83+BU83+BW83 -> 32.8 | BZ83: =BL83+BN83+BP83+BR83+BT83+BV83+BX83 -> 0 | CA83: =BY83+BZ83 -> 32.8 | CB83: =SUM(C83:BJ83)-CA83 -> 0
A84: ЧОП | C84: =IFERROR(ROUND($BY84/$BY131*C131,3),0) -> 195.958 | D84: =IFERROR(ROUND($BY84/$BY131*D131,3),0) -> 0 | E84: =IFERROR(ROUND($BY84/$BY131*E131,3),0) -> 0 | F84: =IFERROR(ROUND($BY84/$BY131*F131,3),0) -> 0 | G84: =IFERROR(ROUND($BY84/$BY131*G131,3),0) -> 0 | H84: =IFERROR(ROUND($BY84/$BY131*H131,3),0) -> 0 | I84: =IFERROR(ROUND($BY84/$BY131*I131,3),0) -> 0 | J84: =IFERROR(ROUND($BY84/$BY131*J131,3),0) -> 0 | ... BD84: =IFERROR(ROUND($BY84/$BY131*BD131,3),0) -> 0 | BE84: =IFERROR(ROUND($BZ84/$BZ131*BE131,3),0) -> 0 | BF84: =IFERROR(ROUND($BZ84/$BZ131*BF131,3),0) -> 0 | BG84: =IFERROR(ROUND($BZ84/$BZ131*BG131,3),0) -> 0 | BH84: =IFERROR(ROUND($BZ84/$BZ131*BH131,3),0) -> 0 | BI84: =IFERROR(ROUND($BZ84/$BZ131*BI131,3),0) -> 0 | BJ84: =IFERROR(ROUND($BZ84/$BZ131*BJ131,3),0) -> 0 | BK84: 394.2 | BY84: =BK84+BM84+BO84+BQ84+BS84+BU84+BW84 -> 394.2 | BZ84: =BL84+BN84+BP84+BR84+BT84+BV84+BX84 -> 0 | CA84: =BY84+BZ84 -> 394.2 | CB84: =SUM(C84:BJ84)-CA84 -> -0.001
A85: ЧОП (антитеррор) | C85: =IFERROR(ROUND($BY85/$BY131*C131,3),0) -> 195.958 | D85: =IFERROR(ROUND($BY85/$BY131*D131,3),0) -> 0 | E85: =IFERROR(ROUND($BY85/$BY131*E131,3),0) -> 0 | F85: =IFERROR(ROUND($BY85/$BY131*F131,3),0) -> 0 | G85: =IFERROR(ROUND($BY85/$BY131*G131,3),0) -> 0 | H85: =IFERROR(ROUND($BY85/$BY131*H131,3),0) -> 0 | I85: =IFERROR(ROUND($BY85/$BY131*I131,3),0) -> 0 | J85: =IFERROR(ROUND($BY85/$BY131*J131,3),0) -> 0 | ... BD85: =IFERROR(ROUND($BY85/$BY131*BD131,3),0) -> 0 | BE85: =IFERROR(ROUND($BZ85/$BZ131*BE131,3),0) -> 0 | BF85: =IFERROR(ROUND($BZ85/$BZ131*BF131,3),0) -> 0 | BG85: =IFERROR(ROUND($BZ85/$BZ131*BG131,3),0) -> 0 | BH85: =IFERROR(ROUND($BZ85/$BZ131*BH131,3),0) -> 0 | BI85: =IFERROR(ROUND($BZ85/$BZ131*BI131,3),0) -> 0 | BJ85: =IFERROR(ROUND($BZ85/$BZ131*BJ131,3),0) -> 0 | BK85: 394.2 | BY85: =BK85+BM85+BO85+BQ85+BS85+BU85+BW85 -> 394.2 | BZ85: =BL85+BN85+BP85+BR85+BT85+BV85+BX85 -> 0 | CA85: =BY85+BZ85 -> 394.2 | CB85: =SUM(C85:BJ85)-CA85 -> -0.001
A86: ведение договоров МУП ТЭРС | C86: =IFERROR(ROUND($BY86/$BY131*C131,3),0) -> 8.302 | D86: =IFERROR(ROUND($BY86/$BY131*D131,3),0) -> 0 | E86: =IFERROR(ROUND($BY86/$BY131*E131,3),0) -> 0 | F86: =IFERROR(ROUND($BY86/$BY131*F131,3),0) -> 0 | G86: =IFERROR(ROUND($BY86/$BY131*G131,3),0) -> 0 | H86: =IFERROR(ROUND($BY86/$BY131*H131,3),0) -> 0 | I86: =IFERROR(ROUND($BY86/$BY131*I131,3),0) -> 0 | J86: =IFERROR(ROUND($BY86/$BY131*J131,3),0) -> 0 | ... BD86: =IFERROR(ROUND($BY86/$BY131*BD131,3),0) -> 0 | BE86: =IFERROR(ROUND($BZ86/$BZ131*BE131,3),0) -> 0 | BF86: =IFERROR(ROUND($BZ86/$BZ131*BF131,3),0) -> 0 | BG86: =IFERROR(ROUND($BZ86/$BZ131*BG131,3),0) -> 0 | BH86: =IFERROR(ROUND($BZ86/$BZ131*BH131,3),0) -> 0 | BI86: =IFERROR(ROUND($BZ86/$BZ131*BI131,3),0) -> 0 | BJ86: =IFERROR(ROUND($BZ86/$BZ131*BJ131,3),0) -> 0 | BK86: 16.7 | BY86: =BK86+BM86+BO86+BQ86+BS86+BU86+BW86 -> 16.7 | BZ86: =BL86+BN86+BP86+BR86+BT86+BV86+BX86 -> 0 | CA86: =BY86+BZ86 -> 16.7 | CB86: =SUM(C86:BJ86)-CA86 -> 0
A87: обслуживание САРТ | C87: =IFERROR(ROUND($BY87/$BY131*C131,3),0) -> 0 | D87: =IFERROR(ROUND($BY87/$BY131*D131,3),0) -> 0 | E87: =IFERROR(ROUND($BY87/$BY131*E131,3),0) -> 0 | F87: =IFERROR(ROUND($BY87/$BY131*F131,3),0) -> 0 | G87: =IFERROR(ROUND($BY87/$BY131*G131,3),0) -> 0 | H87: =IFERROR(ROUND($BY87/$BY131*H131,3),0) -> 0 | I87: =IFERROR(ROUND($BY87/$BY131*I131,3),0) -> 0 | J87: =IFERROR(ROUND($BY87/$BY131*J131,3),0) -> 0 | ... BD87: =IFERROR(ROUND($BY87/$BY131*BD131,3),0) -> 0 | BE87: =IFERROR(ROUND($BZ87/$BZ131*BE131,3),0) -> 0 | BF87: =IFERROR(ROUND($BZ87/$BZ131*BF131,3),0) -> 0 | BG87: =IFERROR(ROUND($BZ87/$BZ131*BG131,3),0) -> 0 | BH87: =IFERROR(ROUND($BZ87/$BZ131*BH131,3),0) -> 0 | BI87: =IFERROR(ROUND($BZ87/$BZ131*BI131,3),0) -> 0 | BJ87: =IFERROR(ROUND($BZ87/$BZ131*BJ131,3),0) -> 0 | BY87: =BK87+BM87+BO87+BQ87+BS87+BU87+BW87 -> 0 | BZ87: =BL87+BN87+BP87+BR87+BT87+BV87+BX87 -> 0 | CA87: =BY87+BZ87 -> 0 | CB87: =SUM(C87:BJ87)-CA87 -> 0
A88: медосмотр | C88: =IFERROR(ROUND($BY88/$BY131*C131,3),0) -> 73.373 | D88: =IFERROR(ROUND($BY88/$BY131*D131,3),0) -> 0 | E88: =IFERROR(ROUND($BY88/$BY131*E131,3),0) -> 0 | F88: =IFERROR(ROUND($BY88/$BY131*F131,3),0) -> 0 | G88: =IFERROR(ROUND($BY88/$BY131*G131,3),0) -> 0 | H88: =IFERROR(ROUND($BY88/$BY131*H131,3),0) -> 0 | I88: =IFERROR(ROUND($BY88/$BY131*I131,3),0) -> 0 | J88: =IFERROR(ROUND($BY88/$BY131*J131,3),0) -> 0 | ... BD88: =IFERROR(ROUND($BY88/$BY131*BD131,3),0) -> 0 | BE88: =IFERROR(ROUND($BZ88/$BZ131*BE131,3),0) -> 0 | BF88: =IFERROR(ROUND($BZ88/$BZ131*BF131,3),0) -> 0 | BG88: =IFERROR(ROUND($BZ88/$BZ131*BG131,3),0) -> 0 | BH88: =IFERROR(ROUND($BZ88/$BZ131*BH131,3),0) -> 0 | BI88: =IFERROR(ROUND($BZ88/$BZ131*BI131,3),0) -> 0 | BJ88: =IFERROR(ROUND($BZ88/$BZ131*BJ131,3),0) -> 0 | BK88: 147.6 | BY88: =BK88+BM88+BO88+BQ88+BS88+BU88+BW88 -> 147.6 | BZ88: =BL88+BN88+BP88+BR88+BT88+BV88+BX88 -> 0 | CA88: =BY88+BZ88 -> 147.6 | CB88: =SUM(C88:BJ88)-CA88 -> 0
A89: утилизация ламп дневного света | C89: =IFERROR(ROUND($BY89/$BY131*C131,3),0) -> 1.64 | D89: =IFERROR(ROUND($BY89/$BY131*D131,3),0) -> 0 | E89: =IFERROR(ROUND($BY89/$BY131*E131,3),0) -> 0 | F89: =IFERROR(ROUND($BY89/$BY131*F131,3),0) -> 0 | G89: =IFERROR(ROUND($BY89/$BY131*G131,3),0) -> 0 | H89: =IFERROR(ROUND($BY89/$BY131*H131,3),0) -> 0 | I89: =IFERROR(ROUND($BY89/$BY131*I131,3),0) -> 0 | J89: =IFERROR(ROUND($BY89/$BY131*J131,3),0) -> 0 | ... BD89: =IFERROR(ROUND($BY89/$BY131*BD131,3),0) -> 0 | BE89: =IFERROR(ROUND($BZ89/$BZ131*BE131,3),0) -> 0 | BF89: =IFERROR(ROUND($BZ89/$BZ131*BF131,3),0) -> 0 | BG89: =IFERROR(ROUND($BZ89/$BZ131*BG131,3),0) -> 0 | BH89: =IFERROR(ROUND($BZ89/$BZ131*BH131,3),0) -> 0 | BI89: =IFERROR(ROUND($BZ89/$BZ131*BI131,3),0) -> 0 | BJ89: =IFERROR(ROUND($BZ89/$BZ131*BJ131,3),0) -> 0 | BK89: 3.3 | BY89: =BK89+BM89+BO89+BQ89+BS89+BU89+BW89 -> 3.3 | BZ89: =BL89+BN89+BP89+BR89+BT89+BV89+BX89 -> 0 | CA89: =BY89+BZ89 -> 3.3 | CB89: =SUM(C89:BJ89)-CA89 -> 0
A90: санминимум | C90: =IFERROR(ROUND($BY90/$BY131*C131,3),0) -> 9.843 | D90: =IFERROR(ROUND($BY90/$BY131*D131,3),0) -> 0 | E90: =IFERROR(ROUND($BY90/$BY131*E131,3),0) -> 0 | F90: =IFERROR(ROUND($BY90/$BY131*F131,3),0) -> 0 | G90: =IFERROR(ROUND($BY90/$BY131*G131,3),0) -> 0 | H90: =IFERROR(ROUND($BY90/$BY131*H131,3),0) -> 0 | I90: =IFERROR(ROUND($BY90/$BY131*I131,3),0) -> 0 | J90: =IFERROR(ROUND($BY90/$BY131*J131,3),0) -> 0 | ... BD90: =IFERROR(ROUND($BY90/$BY131*BD131,3),0) -> 0 | BE90: =IFERROR(ROUND($BZ90/$BZ131*BE131,3),0) -> 0 | BF90: =IFERROR(ROUND($BZ90/$BZ131*BF131,3),0) -> 0 | BG90: =IFERROR(ROUND($BZ90/$BZ131*BG131,3),0) -> 0 | BH90: =IFERROR(ROUND($BZ90/$BZ131*BH131,3),0) -> 0 | BI90: =IFERROR(ROUND($BZ90/$BZ131*BI131,3),0) -> 0 | BJ90: =IFERROR(ROUND($BZ90/$BZ131*BJ131,3),0) -> 0 | BK90: 19.8 | BY90: =BK90+BM90+BO90+BQ90+BS90+BU90+BW90 -> 19.8 | BZ90: =BL90+BN90+BP90+BR90+BT90+BV90+BX90 -> 0 | CA90: =BY90+BZ90 -> 19.8 | CB90: =SUM(C90:BJ90)-CA90 -> 0
A91: прочие расходы(техосмотр) | C91: =IFERROR(ROUND($BY91/$BY131*C131,3),0) -> 0 | D91: =IFERROR(ROUND($BY91/$BY131*D131,3),0) -> 0 | E91: =IFERROR(ROUND($BY91/$BY131*E131,3),0) -> 0 | F91: =IFERROR(ROUND($BY91/$BY131*F131,3),0) -> 0 | G91: =IFERROR(ROUND($BY91/$BY131*G131,3),0) -> 0 | H91: =IFERROR(ROUND($BY91/$BY131*H131,3),0) -> 0 | I91: =IFERROR(ROUND($BY91/$BY131*I131,3),0) -> 0 | J91: =IFERROR(ROUND($BY91/$BY131*J131,3),0) -> 0 | ... BD91: =IFERROR(ROUND($BY91/$BY131*BD131,3),0) -> 0 | BE91: =IFERROR(ROUND($BZ91/$BZ131*BE131,3),0) -> 0 | BF91: =IFERROR(ROUND($BZ91/$BZ131*BF131,3),0) -> 0 | BG91: =IFERROR(ROUND($BZ91/$BZ131*BG131,3),0) -> 0 | BH91: =IFERROR(ROUND($BZ91/$BZ131*BH131,3),0) -> 0 | BI91: =IFERROR(ROUND($BZ91/$BZ131*BI131,3),0) -> 0 | BJ91: =IFERROR(ROUND($BZ91/$BZ131*BJ131,3),0) -> 0 | BY91: =BK91+BM91+BO91+BQ91+BS91+BU91+BW91 -> 0 | BZ91: =BL91+BN91+BP91+BR91+BT91+BV91+BX91 -> 0 | CA91: =BY91+BZ91 -> 0 | CB91: =SUM(C91:BJ91)-CA91 -> 0
A92: обучение по охране труда | C92: =IFERROR(ROUND($BY92/$BY131*C131,3),0) -> 4.971 | D92: =IFERROR(ROUND($BY92/$BY131*D131,3),0) -> 0 | E92: =IFERROR(ROUND($BY92/$BY131*E131,3),0) -> 0 | F92: =IFERROR(ROUND($BY92/$BY131*F131,3),0) -> 0 | G92: =IFERROR(ROUND($BY92/$BY131*G131,3),0) -> 0 | H92: =IFERROR(ROUND($BY92/$BY131*H131,3),0) -> 0 | I92: =IFERROR(ROUND($BY92/$BY131*I131,3),0) -> 0 | J92: =IFERROR(ROUND($BY92/$BY131*J131,3),0) -> 0 | ... BD92: =IFERROR(ROUND($BY92/$BY131*BD131,3),0) -> 0 | BE92: =IFERROR(ROUND($BZ92/$BZ131*BE131,3),0) -> 0 | BF92: =IFERROR(ROUND($BZ92/$BZ131*BF131,3),0) -> 0 | BG92: =IFERROR(ROUND($BZ92/$BZ131*BG131,3),0) -> 0 | BH92: =IFERROR(ROUND($BZ92/$BZ131*BH131,3),0) -> 0 | BI92: =IFERROR(ROUND($BZ92/$BZ131*BI131,3),0) -> 0 | BJ92: =IFERROR(ROUND($BZ92/$BZ131*BJ131,3),0) -> 0 | BK92: 10 | BY92: =BK92+BM92+BO92+BQ92+BS92+BU92+BW92 -> 10 | BZ92: =BL92+BN92+BP92+BR92+BT92+BV92+BX92 -> 0 | CA92: =BY92+BZ92 -> 10 | CB92: =SUM(C92:BJ92)-CA92 -> 0
A93: ведение док. оборота ТЭРС | C93: =IFERROR(ROUND($BY93/$BY131*C131,3),0) -> 0 | D93: =IFERROR(ROUND($BY93/$BY131*D131,3),0) -> 0 | E93: =IFERROR(ROUND($BY93/$BY131*E131,3),0) -> 0 | F93: =IFERROR(ROUND($BY93/$BY131*F131,3),0) -> 0 | G93: =IFERROR(ROUND($BY93/$BY131*G131,3),0) -> 0 | H93: =IFERROR(ROUND($BY93/$BY131*H131,3),0) -> 0 | I93: =IFERROR(ROUND($BY93/$BY131*I131,3),0) -> 0 | J93: =IFERROR(ROUND($BY93/$BY131*J131,3),0) -> 0 | ... BD93: =IFERROR(ROUND($BY93/$BY131*BD131,3),0) -> 0 | BE93: =IFERROR(ROUND($BZ93/$BZ131*BE131,3),0) -> 0 | BF93: =IFERROR(ROUND($BZ93/$BZ131*BF131,3),0) -> 0 | BG93: =IFERROR(ROUND($BZ93/$BZ131*BG131,3),0) -> 0 | BH93: =IFERROR(ROUND($BZ93/$BZ131*BH131,3),0) -> 0 | BI93: =IFERROR(ROUND($BZ93/$BZ131*BI131,3),0) -> 0 | BJ93: =IFERROR(ROUND($BZ93/$BZ131*BJ131,3),0) -> 0 | BY93: =BK93+BM93+BO93+BQ93+BS93+BU93+BW93 -> 0 | BZ93: =BL93+BN93+BP93+BR93+BT93+BV93+BX93 -> 0 | CA93: =BY93+BZ93 -> 0 | CB93: =SUM(C93:BJ93)-CA93 -> 0
A94: обучение электрик, тепло | C94: =IFERROR(ROUND($BY94/$BY131*C131,3),0) -> 0 | D94: =IFERROR(ROUND($BY94/$BY131*D131,3),0) -> 0 | E94: =IFERROR(ROUND($BY94/$BY131*E131,3),0) -> 0 | F94: =IFERROR(ROUND($BY94/$BY131*F131,3),0) -> 0 | G94: =IFERROR(ROUND($BY94/$BY131*G131,3),0) -> 0 | H94: =IFERROR(ROUND($BY94/$BY131*H131,3),0) -> 0 | I94: =IFERROR(ROUND($BY94/$BY131*I131,3),0) -> 0 | J94: =IFERROR(ROUND($BY94/$BY131*J131,3),0) -> 0 | ... BD94: =IFERROR(ROUND($BY94/$BY131*BD131,3),0) -> 0 | BE94: =IFERROR(ROUND($BZ94/$BZ131*BE131,3),0) -> 0 | BF94: =IFERROR(ROUND($BZ94/$BZ131*BF131,3),0) -> 0 | BG94: =IFERROR(ROUND($BZ94/$BZ131*BG131,3),0) -> 0 | BH94: =IFERROR(ROUND($BZ94/$BZ131*BH131,3),0) -> 0 | BI94: =IFERROR(ROUND($BZ94/$BZ131*BI131,3),0) -> 0 | BJ94: =IFERROR(ROUND($BZ94/$BZ131*BJ131,3),0) -> 0 | BY94: =BK94+BM94+BO94+BQ94+BS94+BU94+BW94 -> 0 | BZ94: =BL94+BN94+BP94+BR94+BT94+BV94+BX94 -> 0 | CA94: =BY94+BZ94 -> 0 | CB94: =SUM(C94:BJ94)-CA94 -> 0
A95: прочие | C95: =IFERROR(ROUND($BY95/$BY131*C131,3),0) -> 9.047 | D95: =IFERROR(ROUND($BY95/$BY131*D131,3),0) -> 0 | E95: =IFERROR(ROUND($BY95/$BY131*E131,3),0) -> 0 | F95: =IFERROR(ROUND($BY95/$BY131*F131,3),0) -> 0 | G95: =IFERROR(ROUND($BY95/$BY131*G131,3),0) -> 0 | H95: =IFERROR(ROUND($BY95/$BY131*H131,3),0) -> 0 | I95: =IFERROR(ROUND($BY95/$BY131*I131,3),0) -> 0 | J95: =IFERROR(ROUND($BY95/$BY131*J131,3),0) -> 0 | ... BD95: =IFERROR(ROUND($BY95/$BY131*BD131,3),0) -> 0 | BE95: =IFERROR(ROUND($BZ95/$BZ131*BE131,3),0) -> 0 | BF95: =IFERROR(ROUND($BZ95/$BZ131*BF131,3),0) -> 0 | BG95: =IFERROR(ROUND($BZ95/$BZ131*BG131,3),0) -> 0 | BH95: =IFERROR(ROUND($BZ95/$BZ131*BH131,3),0) -> 0 | BI95: =IFERROR(ROUND($BZ95/$BZ131*BI131,3),0) -> 0 | BJ95: =IFERROR(ROUND($BZ95/$BZ131*BJ131,3),0) -> 0 | BK95: 18.2 | BY95: =BK95+BM95+BO95+BQ95+BS95+BU95+BW95 -> 18.2 | BZ95: =BL95+BN95+BP95+BR95+BT95+BV95+BX95 -> 0 | CA95: =BY95+BZ95 -> 18.2 | CB95: =SUM(C95:BJ95)-CA95 -> 0
A96: Автострахование | B96: 227 | C96: =IFERROR(ROUND($BY96/$BY131*C131,3),0) -> 0 | D96: =IFERROR(ROUND($BY96/$BY131*D131,3),0) -> 0 | E96: =IFERROR(ROUND($BY96/$BY131*E131,3),0) -> 0 | F96: =IFERROR(ROUND($BY96/$BY131*F131,3),0) -> 0 | G96: =IFERROR(ROUND($BY96/$BY131*G131,3),0) -> 0 | H96: =IFERROR(ROUND($BY96/$BY131*H131,3),0) -> 0 | I96: =IFERROR(ROUND($BY96/$BY131*I131,3),0) -> 0 | J96: =IFERROR(ROUND($BY96/$BY131*J131,3),0) -> 0 | ... BD96: =IFERROR(ROUND($BY96/$BY131*BD131,3),0) -> 0 | BE96: =IFERROR(ROUND($BZ96/$BZ131*BE131,3),0) -> 0 | BF96: =IFERROR(ROUND($BZ96/$BZ131*BF131,3),0) -> 0 | BG96: =IFERROR(ROUND($BZ96/$BZ131*BG131,3),0) -> 0 | BH96: =IFERROR(ROUND($BZ96/$BZ131*BH131,3),0) -> 0 | BI96: =IFERROR(ROUND($BZ96/$BZ131*BI131,3),0) -> 0 | BJ96: =IFERROR(ROUND($BZ96/$BZ131*BJ131,3),0) -> 0 | BY96: =BK96+BM96+BO96+BQ96+BS96+BU96+BW96 -> 0 | BZ96: =BL96+BN96+BP96+BR96+BT96+BV96+BX96 -> 0 | CA96: =BY96+BZ96 -> 0 | CB96: =SUM(C96:BJ96)-CA96 -> 0
A97: Прочие расходы,всего | B97: 290 | C97: =SUM(C98:C103) -> 1336.117 | D97: =SUM(D98:D103) -> 0 | E97: =SUM(E98:E103) -> 0 | F97: =SUM(F98:F103) -> 0 | G97: =SUM(G98:G103) -> 0 | H97: =SUM(H98:H103) -> 0 | I97: =SUM(I98:I103) -> 0 | J97: =SUM(J98:J103) -> 0 | ... CA97: =SUM(CA98:CA103) -> 2687.8 | CB97: =SUM(C97:BJ97)-CA97 -> 0
A98: налог на имущество | B98: 291 | C98: =IFERROR(ROUND($BY98/$BY131*C131,3),0) -> 445.008 | D98: =IFERROR(ROUND($BY98/$BY131*D131,3),0) -> 0 | E98: =IFERROR(ROUND($BY98/$BY131*E131,3),0) -> 0 | F98: =IFERROR(ROUND($BY98/$BY131*F131,3),0) -> 0 | G98: =IFERROR(ROUND($BY98/$BY131*G131,3),0) -> 0 | H98: =IFERROR(ROUND($BY98/$BY131*H131,3),0) -> 0 | I98: =IFERROR(ROUND($BY98/$BY131*I131,3),0) -> 0 | J98: =IFERROR(ROUND($BY98/$BY131*J131,3),0) -> 0 | ... BD98: =IFERROR(ROUND($BY98/$BY131*BD131,3),0) -> 0 | BE98: =IFERROR(ROUND($BZ98/$BZ131*BE131,3),0) -> 0 | BF98: =IFERROR(ROUND($BZ98/$BZ131*BF131,3),0) -> 0 | BG98: =IFERROR(ROUND($BZ98/$BZ131*BG131,3),0) -> 0 | BH98: =IFERROR(ROUND($BZ98/$BZ131*BH131,3),0) -> 0 | BI98: =IFERROR(ROUND($BZ98/$BZ131*BI131,3),0) -> 0 | BJ98: =IFERROR(ROUND($BZ98/$BZ131*BJ131,3),0) -> 0 | BK98: 895.2 | BY98: =BK98+BM98+BO98+BQ98+BS98+BU98+BW98 -> 895.2 | BZ98: =BL98+BN98+BP98+BR98+BT98+BV98+BX98 -> 0 | CA98: =BY98+BZ98 -> 895.2 | CB98: =SUM(C98:BJ98)-CA98 -> 0
A99: налог на землю | B99: 291 | C99: =IFERROR(ROUND($BY99/$BY131*C131,3),0) -> 891.109 | D99: =IFERROR(ROUND($BY99/$BY131*D131,3),0) -> 0 | E99: =IFERROR(ROUND($BY99/$BY131*E131,3),0) -> 0 | F99: =IFERROR(ROUND($BY99/$BY131*F131,3),0) -> 0 | G99: =IFERROR(ROUND($BY99/$BY131*G131,3),0) -> 0 | H99: =IFERROR(ROUND($BY99/$BY131*H131,3),0) -> 0 | I99: =IFERROR(ROUND($BY99/$BY131*I131,3),0) -> 0 | J99: =IFERROR(ROUND($BY99/$BY131*J131,3),0) -> 0 | ... BD99: =IFERROR(ROUND($BY99/$BY131*BD131,3),0) -> 0 | BE99: =IFERROR(ROUND($BZ99/$BZ131*BE131,3),0) -> 0 | BF99: =IFERROR(ROUND($BZ99/$BZ131*BF131,3),0) -> 0 | BG99: =IFERROR(ROUND($BZ99/$BZ131*BG131,3),0) -> 0 | BH99: =IFERROR(ROUND($BZ99/$BZ131*BH131,3),0) -> 0 | BI99: =IFERROR(ROUND($BZ99/$BZ131*BI131,3),0) -> 0 | BJ99: =IFERROR(ROUND($BZ99/$BZ131*BJ131,3),0) -> 0 | BK99: 1792.6 | BY99: =BK99+BM99+BO99+BQ99+BS99+BU99+BW99 -> 1792.6 | BZ99: =BL99+BN99+BP99+BR99+BT99+BV99+BX99 -> 0 | CA99: =BY99+BZ99 -> 1792.6 | CB99: =SUM(C99:BJ99)-CA99 -> 0
A100: транспортный налог | B100: 291 | C100: =IFERROR(ROUND($BY100/$BY131*C131,3),0) -> 0 | D100: =IFERROR(ROUND($BY100/$BY131*D131,3),0) -> 0 | E100: =IFERROR(ROUND($BY100/$BY131*E131,3),0) -> 0 | F100: =IFERROR(ROUND($BY100/$BY131*F131,3),0) -> 0 | G100: =IFERROR(ROUND($BY100/$BY131*G131,3),0) -> 0 | H100: =IFERROR(ROUND($BY100/$BY131*H131,3),0) -> 0 | I100: =IFERROR(ROUND($BY100/$BY131*I131,3),0) -> 0 | J100: =IFERROR(ROUND($BY100/$BY131*J131,3),0) -> 0 | ... BD100: =IFERROR(ROUND($BY100/$BY131*BD131,3),0) -> 0 | BE100: =IFERROR(ROUND($BZ100/$BZ131*BE131,3),0) -> 0 | BF100: =IFERROR(ROUND($BZ100/$BZ131*BF131,3),0) -> 0 | BG100: =IFERROR(ROUND($BZ100/$BZ131*BG131,3),0) -> 0 | BH100: =IFERROR(ROUND($BZ100/$BZ131*BH131,3),0) -> 0 | BI100: =IFERROR(ROUND($BZ100/$BZ131*BI131,3),0) -> 0 | BJ100: =IFERROR(ROUND($BZ100/$BZ131*BJ131,3),0) -> 0 | BY100: =BK100+BM100+BO100+BQ100+BS100+BU100+BW100 -> 0 | BZ100: =BL100+BN100+BP100+BR100+BT100+BV100+BX100 -> 0 | CA100: =BY100+BZ100 -> 0 | CB100: =SUM(C100:BJ100)-CA100 -> 0
...
